Workbook

Sheet rt2
A1: GROUP | B1: CUST | C1: NAME | E1: RATE | F1: JUL 2010 $ | G1: JUL 2010 A | H1: AUG 2010 $ | I1: AUG 2010 A | J1: SEP 2010 $ | K1: SEP 2010 A | L1: OCT 2010 $ | M1: OCT 2010 A | N1: NOV 2010 $ | O1: NOV 2010 A | P1: DEC 2010 $ | Q1: DEC 2010 A | R1: JAN 2011 $ | S1: JAN 2011 A | T1: FEB 2011 $ | U1: FEB 2011 A | V1: MAR 2011 $ | W1: MAR 2011 A | X1: APR 2011 $ | Y1: APR 2011 A | Z1: MAY 2011 $ | AA1: MAY 2011 A | AB1: JUN 2011 $ | AC1: JUN 2011 A | AD1: JUL 2011 $ | AE1: JUL 2011 A | AF1: AUG 2011 $ | AG1: AUG 2011 A | AH1: SEP 2011 $ | AI1: SEP 2011 A | AJ1: OCT 2011 $ | AK1: OCT 2011 A | AL1: NOV 2011 $ | AM1: NOV 2011 A | AN1: DEC 2011 $ | AO1: DEC 2011 A | AP1: JAN 2012 $ | AQ1: JAN 2012 A | AR1: FEB 2012 $ | AS1: FEB 2012 A | AT1: MAR 2012 $ | AU1: MAR 2012 A | AV1: APR 2012 $ | AW1: APR 2012 A | AX1: MAY 2012 $ | AY1: MAY 2012 A | AZ1: JUN 2012 $ | BA1: JUN 2012 A | BB1: FY2012 | BC1: FY2011
C2: Starting Date for this period ---->>>> | D2: Rate Description | F2: 41114 | H2: 41145 | J2: 41176 | L2: 41205 | N2: 41236 | P2: 41266 | R2: 40934 | T2: 40963 | V2: 40991 | X2: 41025 | Z2: 41053 | AB2: 41083 | AD2: 41116 | AF2: 41144 | AH2: 41176 | AJ2: 41207 | AL2: 41236 | AN2: 41266 | AP2: 40934 | AR2: 40963 | AT2: 40991 | AV2: 41024 | AX2: 41052 | AZ2: 41083
A4: FLEX | B4: 16206 | C4: HENRICO COUNTY PUBLIC SCHOOLS | D4: Margin | E4: GFS2 | F4: =ROUND(Volume!E7*'rt2'!F$758,2)-F5 -> 0 | G4: 0 | H4: =ROUND(Volume!G7*'rt2'!H$758,2)-H5 -> 0 | I4: 0 | J4: =ROUND(Volume!I7*'rt2'!J$758,2)-J5 -> 341.52 | K4: 0 | L4: =ROUND(Volume!K7*'rt2'!L$758,2)-L5 -> 3590.54 | M4: 0 | N4: =ROUND(Volume!M7*'rt2'!N$758,2)-N5 -> 4232.98 | O4: 0 | P4: =ROUND(Volume!O7*'rt2'!P$758,2)-P5 -> 7712.34 | Q4: 0 | R4: =ROUND(Volume!Q7*'rt2'!R$758,2)-R5 -> 6838.7 | S4: 0 | T4: =ROUND(Volume!S7*'rt2'!T$758,2)-T5 -> 4553.95 | U4: 0 | V4: =ROUND(Volume!U7*'rt2'!V$758,2)-V5 -> 5001.96 | W4: 0 | X4: =ROUND(Volume!W7*'rt2'!X$758,2)-X5 -> 619.92 | Y4: 0 | Z4: =ROUND(Volume!Y7*'rt2'!Z$758,2)-Z5 -> 0.34 | AA4: 0 | AB4: =ROUND(Volume!AA7*'rt2'!AB$758,2)-AB5 -> 0 | AC4: 0 | AD4: =ROUND(Volume!AC7*'rt2'!AD$758,2)-AD5 -> 0 | AE4: 0 | AF4: 0 | AG4: 0 | AH4: 0 | AI4: 0 | AJ4: 0 | AK4: 0 | AL4: 0 | AM4: 0 | AN4: 0 | AO4: 0 | AP4: 0 | AQ4: 0 | AR4: 0 | AS4: 0 | AT4: 0 | AU4: 0 | AV4: 0 | AW4: 0 | AX4: 0 | AY4: 0 | AZ4: 0 | BA4: 0 | BB4: =SUM(AD4:BA4) -> 0 | BC4: =SUM(F4:AC4) -> 32892.25
A5: FLEX | B5: 16206 | C5: HENRICO COUNTY PUBLIC SCHOOLS | D5: Gas Cost | F5: =ROUND(Volume!E7*'rt2'!F$759,2) -> 0 | H5: =ROUND(Volume!G7*'rt2'!H$759,2) -> 0 | J5: =ROUND(Volume!I7*'rt2'!J$759,2) -> 307.11 | L5: =ROUND(Volume!K7*'rt2'!L$759,2) -> 2505.83 | N5: =ROUND(Volume!M7*'rt2'!N$759,2) -> 5246.93 | P5: =ROUND(Volume!O7*'rt2'!P$759,2) -> 9559.71 | R5: =ROUND(Volume!Q7*'rt2'!R$759,2) -> 8583.88 | T5: =ROUND(Volume!S7*'rt2'!T$759,2) -> 5841.62 | V5: =ROUND(Volume!U7*'rt2'!V$759,2) -> 5349.27 | X5: =ROUND(Volume!W7*'rt2'!X$759,2) -> 843.14 | Z5: =ROUND(Volume!Y7*'rt2'!Z$759,2) -> 0.48 | AB5: =ROUND(Volume!AA7*'rt2'!AB$759,2) -> 0 | AD5: =ROUND(Volume!AC7*'rt2'!AD$759,2) -> 0 | BB5: =SUM(AD5:BA5) -> 0 | BC5: =SUM(F5:AC5) -> 38237.97
A6: FLEX | B6: 16206 | C6: HENRICO COUNTY PUBLIC SCHOOLS | D6: Minimum | E6: + | F6: =IF(378>(F4+F5),378-(F4+F5),0) -> 378 | H6: =IF(378>(H4+H5),378-(H4+H5),0) -> 378 | J6: =IF(378>(J4+J5),378-(J4+J5),0) -> 0 | L6: =IF(378>(L4+L5),378-(L4+L5),0) -> 0 | N6: =IF(378>(N4+N5),378-(N4+N5),0) -> 0 | P6: =IF(378>(P4+P5),378-(P4+P5),0) -> 0 | R6: =IF(378>(R4+R5),378-(R4+R5),0) -> 0 | T6: =IF(378>(T4+T5),378-(T4+T5),0) -> 0 | V6: =IF(378>(V4+V5),378-(V4+V5),0) -> 0 | X6: =IF(378>(X4+X5),378-(X4+X5),0) -> 0 | Z6: =IF(378>(Z4+Z5),378-(Z4+Z5),0) -> 377.18 | AB6: =IF(378>(AB4+AB5),378-(AB4+AB5),0) -> 378 | AD6: =IF(378>(AD4+AD5),378-(AD4+AD5),0) -> 378 | BB6: =SUM(AD6:BA6) -> 378 | BC6: =SUM(F6:AC6) -> 1511.18
BB7: =SUM(AD7:BA7) -> 0 | BC7: =SUM(F7:AC7) -> 0
A8: FLEX | B8: 161306 | C8: ST JOSEPHS VILLA | D8: Margin | E8: GFS2 | F8: =ROUND(Volume!E11*'rt2'!F$758,2)-F9 -> 0 | G8: 0 | H8: =ROUND(Volume!G11*'rt2'!H$758,2)-H9 -> 0 | I8: 0 | J8: =ROUND(Volume!I11*'rt2'!J$758,2)-J9 -> 458.21 | K8: 0 | L8: =ROUND(Volume!K11*'rt2'!L$758,2)-L9 -> 1662.87 | M8: 0 | N8: =ROUND(Volume!M11*'rt2'!N$758,2)-N9 -> 4063.1 | O8: 0 | P8: =ROUND(Volume!O11*'rt2'!P$758,2)-P9 -> 9434.64 | Q8: 0 | R8: =ROUND(Volume!Q11*'rt2'!R$758,2)-R9 -> 9044.79 | S8: 0 | T8: =ROUND(Volume!S11*'rt2'!T$758,2)-T9 -> 7147.77 | U8: 0 | V8: =ROUND(Volume!U11*'rt2'!V$758,2)-V9 -> 6706.25 | W8: 0 | X8: =ROUND(Volume!W11*'rt2'!X$758,2)-X9 -> 2018.45 | Y8: 0 | Z8: =ROUND(Volume!Y11*'rt2'!Z$758,2)-Z9 -> 0 | AA8: 0 | AB8: =ROUND(Volume!AA11*'rt2'!AB$758,2)-AB9 -> 0 | AC8: 0 | AD8: =ROUND(Volume!AC11*'rt2'!AD$758,2)-AD9 -> 0 | AE8: 0 | AF8: =ROUND(Volume!AE11*'rt2'!AF$758,2)-AF9 -> 0 | AG8: 0 | AH8: =ROUND(Volume!AG11*'rt2'!AH$758,2)-AH9 -> 0 | AI8: 0 | AJ8: =ROUND(Volume!AI11*'rt2'!AJ$758,2)-AJ9 -> 95.3 | AK8: 0 | AL8: =ROUND(Volume!AK11*'rt2'!AL$758,2)-AL9 -> 5994.78 | AM8: 0 | AN8: =ROUND(Volume!AM11*'rt2'!AN$758,2)-AN9 -> 6845.56 | AO8: 0 | AP8: =ROUND(Volume!AO11*'rt2'!AP$758,2)-AP9 -> 8643.22 | AQ8: 0 | AR8: =ROUND(Volume!AQ11*'rt2'!AR$758,2)-AR9 -> 7775.38 | AS8: 0 | AT8: =ROUND(Volume!AS11*'rt2'!AT$758,2)-AT9 -> 4725.51 | AU8: 0 | AV8: =ROUND(Volume!AU11*'rt2'!AV$758,2)-AV9 -> 1695 | AW8: 0 | AX8: =ROUND(Volume!AW11*'rt2'!AX$758,2)-AX9 -> 8.58 | AY8: 0 | AZ8: =ROUND(Volume!AY11*'rt2'!AZ$758,2)-AZ9 -> 0 | BA8: 0 | BB8: =SUM(AD8:BA8) -> 35783.33 | BC8: =SUM(F8:AC8) -> 40536.08
A9: FLEX | B9: 161306 | C9: ST JOSEPHS VILLA | D9: Gas Cost | F9: =ROUND(Volume!E11*'rt2'!F$759,2) -> 0 | H9: =ROUND(Volume!G11*'rt2'!H$759,2) -> 0 | J9: =ROUND(Volume!I11*'rt2'!J$759,2) -> 412.05 | L9: =ROUND(Volume!K11*'rt2'!L$759,2) -> 1160.51 | N9: =ROUND(Volume!M11*'rt2'!N$759,2) -> 5036.37 | P9: =ROUND(Volume!O11*'rt2'!P$759,2) -> 11694.57 | R9: =ROUND(Volume!Q11*'rt2'!R$759,2) -> 11352.93 | T9: =ROUND(Volume!S11*'rt2'!T$759,2) -> 9168.85 | V9: =ROUND(Volume!U11*'rt2'!V$759,2) -> 7171.89 | X9: =ROUND(Volume!W11*'rt2'!X$759,2) -> 2745.3 | Z9: =ROUND(Volume!Y11*'rt2'!Z$759,2) -> 0 | AB9: =ROUND(Volume!AA11*'rt2'!AB$759,2) -> 0 | AD9: =ROUND(Volume!AC11*'rt2'!AD$759,2) -> 0 | AF9: =ROUND(Volume!AE11*'rt2'!AF$759,2) -> 0 | AH9: =ROUND(Volume!AG11*'rt2'!AH$759,2) -> 0 | AJ9: =ROUND(Volume!AI11*'rt2'!AJ$759,2) -> 96.13 | AL9: =ROUND(Volume!AK11*'rt2'!AL$759,2) -> 5328.02 | AN9: =ROUND(Volume!AM11*'rt2'!AN$759,2) -> 6257.96 | AP9: =ROUND(Volume!AO11*'rt2'!AP$759,2) -> 6777.77 | AR9: =ROUND(Volume!AQ11*'rt2'!AR$759,2) -> 4871.81 | AT9: =ROUND(Volume!AS11*'rt2'!AT$759,2) -> 2578.1 | AV9: =ROUND(Volume!AU11*'rt2'!AV$759,2) -> 926.22 | AX9: =ROUND(Volume!AW11*'rt2'!AX$759,2) -> 4.32 | AZ9: =ROUND(Volume!AY11*'rt2'!AZ$759,2) -> 0 | BB9: =SUM(AD9:BA9) -> 26840.33 | BC9: =SUM(F9:AC9) -> 48742.47
A10: FLEX | B10: 161306 | C10: ST JOSEPHS VILLA | D10: Minimum | E10: + | F10: =IF(378>(F8+F9),378-(F8+F9),0) -> 378 | H10: =IF(378>(H8+H9),378-(H8+H9),0) -> 378 | J10: =IF(378>(J8+J9),378-(J8+J9),0) -> 0 | L10: =IF(378>(L8+L9),378-(L8+L9),0) -> 0 | N10: =IF(378>(N8+N9),378-(N8+N9),0) -> 0 | P10: =IF(378>(P8+P9),378-(P8+P9),0) -> 0 | R10: =IF(378>(R8+R9),378-(R8+R9),0) -> 0 | T10: =IF(378>(T8+T9),378-(T8+T9),0) -> 0 | V10: =IF(378>(V8+V9),378-(V8+V9),0) -> 0 | X10: =IF(378>(X8+X9),378-(X8+X9),0) -> 0 | Z10: =IF(378>(Z8+Z9),378-(Z8+Z9),0) -> 378 | AB10: =IF(378>(AB8+AB9),378-(AB8+AB9),0) -> 378 | AD10: =IF(378>(AD8+AD9),378-(AD8+AD9),0) -> 378 | AF10: =IF(378>(AF8+AF9),378-(AF8+AF9),0) -> 378 | AH10: =IF(378>(AH8+AH9),378-(AH8+AH9),0) -> 378 | AJ10: =IF(378>(AJ8+AJ9),378-(AJ8+AJ9),0) -> 186.57 | AL10: =IF(378>(AL8+AL9),378-(AL8+AL9),0) -> 0 | AN10: =IF(378>(AN8+AN9),378-(AN8+AN9),0) -> 0 | AP10: =IF(378>(AP8+AP9),378-(AP8+AP9),0) -> 0 | AR10: =IF(378>(AR8+AR9),378-(AR8+AR9),0) -> 0 | AT10: =IF(378>(AT8+AT9),378-(AT8+AT9),0) -> 0 | AV10: =IF(378>(AV8+AV9),378-(AV8+AV9),0) -> 0 | AX10: =IF(378>(AX8+AX9),378-(AX8+AX9),0) -> 365.1 | AZ10: =IF(378>(AZ8+AZ9),378-(AZ8+AZ9),0) -> 378 | BB10: =SUM(AD10:BA10) -> 2063.67 | BC10: =SUM(F10:AC10) -> 1512
BB11: =SUM(AD11:BA11) -> 0 | BC11: =SUM(F11:AC11) -> 0
A12: FLEX | B12: 161561 | C12: THE GREENHOUSE | D12: Margin | E12: GFS2 | F12: =ROUND(Volume!E15*'rt2'!F$758,2)-F13 -> 0 | G12: 0 | H12: =ROUND(Volume!G15*'rt2'!H$758,2)-H13 -> 0 | I12: 0 | J12: =ROUND(Volume!I15*'rt2'!J$758,2)-J13 -> 244.82 | K12: 0 | L12: =ROUND(Volume!K15*'rt2'!L$758,2)-L13 -> 1976.16 | M12: 0 | N12: =ROUND(Volume!M15*'rt2'!N$758,2)-N13 -> 2724.95 | O12: 0 | P12: =ROUND(Volume!O15*'rt2'!P$758,2)-P13 -> 3172.8 | Q12: 0 | R12: =ROUND(Volume!Q15*'rt2'!R$758,2)-R13 -> 2674.98 | S12: 0 | T12: =ROUND(Volume!S15*'rt2'!T$758,2)-T13 -> 2577.91 | U12: 0 | V12: =ROUND(Volume!U15*'rt2'!V$758,2)-V13 -> 2335.23 | W12: 0 | X12: =ROUND(Volume!W15*'rt2'!X$758,2)-X13 -> 443.14 | Y12: 0 | Z12: =ROUND(Volume!Y15*'rt2'!Z$758,2)-Z13 -> 0 | AA12: 0 | AB12: =ROUND(Volume!AA15*'rt2'!AB$758,2)-AB13 -> 0 | AC12: 0 | AD12: =ROUND(Volume!AC15*'rt2'!AD$758,2)-AD13 -> 0 | AE12: 0 | AF12: =ROUND(Volume!AE15*'rt2'!AF$758,2)-AF13 -> 2.75 | AG12: 0 | AH12: =ROUND(Volume!AG15*'rt2'!AH$758,2)-AH13 -> 273.81 | AI12: 0 | AJ12: =ROUND(Volume!AI15*'rt2'!AJ$758,2)-AJ13 -> 1562.81 | AK12: 0 | AL12: =ROUND(Volume!AK15*'rt2'!AL$758,2)-AL13 -> 2766.82 | AM12: 0 | AN12: =ROUND(Volume!AM15*'rt2'!AN$758,2)-AN13 -> 2425.87 | AO12: 0 | AP12: =ROUND(Volume!AO15*'rt2'!AP$758,2)-AP13 -> 2133.85 | AQ12: 0 | AR12: =ROUND(Volume!AQ15*'rt2'!AR$758,2)-AR13 -> 2819.84 | AS12: 0 | AT12: =ROUND(Volume!AS15*'rt2'!AT$758,2)-AT13 -> 974.42 | AU12: 0 | AV12: =ROUND(Volume!AU15*'rt2'!AV$758,2)-AV13 -> 1190.71 | AW12: 0 | AX12: =ROUND(Volume!AW15*'rt2'!AX$758,2)-AX13 -> 155.32 | AY12: 0 | AZ12: =ROUND(Volume!AY15*'rt2'!AZ$758,2)-AZ13 -> 0 | BA12: 0 | BB12: =SUM(AD12:BA12) -> 14306.2 | BC12: =SUM(F12:AC12) -> 16149.99
A13: FLEX | B13: 161561 | C13: THE GREENHOUSE | D13: Gas Cost | F13: =ROUND(Volume!E15*'rt2'!F$759,2) -> 0 | H13: =ROUND(Volume!G15*'rt2'!H$759,2) -> 0 | J13: =ROUND(Volume!I15*'rt2'!J$759,2) -> 220.16 | L13: =ROUND(Volume!K15*'rt2'!L$759,2) -> 1379.15 | N13: =ROUND(Volume!M15*'rt2'!N$759,2) -> 3377.68 | P13: =ROUND(Volume!O15*'rt2'!P$759,2) -> 3932.81 | R13: =ROUND(Volume!Q15*'rt2'!R$759,2) -> 3357.61 | T13: =ROUND(Volume!S15*'rt2'!T$759,2) -> 3306.83 | V13: =ROUND(Volume!U15*'rt2'!V$759,2) -> 2497.37 | X13: =ROUND(Volume!W15*'rt2'!X$759,2) -> 602.72 | Z13: =ROUND(Volume!Y15*'rt2'!Z$759,2) -> 0 | AB13: =ROUND(Volume!AA15*'rt2'!AB$759,2) -> 0 | AD13: =ROUND(Volume!AC15*'rt2'!AD$759,2) -> 0 | AF13: =ROUND(Volume!AE15*'rt2'!AF$759,2) -> 3.88 | AH13: =ROUND(Volume!AG15*'rt2'!AH$759,2) -> 293.03 | AJ13: =ROUND(Volume!AI15*'rt2'!AJ$759,2) -> 1576.38 | AL13: =ROUND(Volume!AK15*'rt2'!AL$759,2) -> 2459.09 | AN13: =ROUND(Volume!AM15*'rt2'!AN$759,2) -> 2217.64 | AP13: =ROUND(Volume!AO15*'rt2'!AP$759,2) -> 1673.31 | AR13: =ROUND(Volume!AQ15*'rt2'!AR$759,2) -> 1766.82 | AT13: =ROUND(Volume!AS15*'rt2'!AT$759,2) -> 531.62 | AV13: =ROUND(Volume!AU15*'rt2'!AV$759,2) -> 650.66 | AX13: =ROUND(Volume!AW15*'rt2'!AX$759,2) -> 78.16 | AZ13: =ROUND(Volume!AY15*'rt2'!AZ$759,2) -> 0 | BB13: =SUM(AD13:BA13) -> 11250.59 | BC13: =SUM(F13:AC13) -> 18674.33
A14: FLEX | B14: 161561 | C14: THE GREENHOUSE | D14: Minimum | E14: + | F14: =IF(378>(F12+F13),378-(F12+F13),0) -> 378 | H14: =IF(378>(H12+H13),378-(H12+H13),0) -> 378 | J14: =IF(378>(J12+J13),378-(J12+J13),0) -> 0 | L14: =IF(378>(L12+L13),378-(L12+L13),0) -> 0 | N14: =IF(378>(N12+N13),378-(N12+N13),0) -> 0 | P14: =IF(378>(P12+P13),378-(P12+P13),0) -> 0 | R14: =IF(378>(R12+R13),378-(R12+R13),0) -> 0 | T14: =IF(378>(T12+T13),378-(T12+T13),0) -> 0 | V14: =IF(378>(V12+V13),378-(V12+V13),0) -> 0 | X14: =IF(378>(X12+X13),378-(X12+X13),0) -> 0 | Z14: =IF(378>(Z12+Z13),378-(Z12+Z13),0) -> 378 | AB14: =IF(378>(AB12+AB13),378-(AB12+AB13),0) -> 378 | AD14: =IF(378>(AD12+AD13),378-(AD12+AD13),0) -> 378 | AF14: =IF(378>(AF12+AF13),378-(AF12+AF13),0) -> 371.37 | AH14: =IF(378>(AH12+AH13),378-(AH12+AH13),0) -> 0 | AJ14: =IF(378>(AJ12+AJ13),378-(AJ12+AJ13),0) -> 0 | AL14: =IF(378>(AL12+AL13),378-(AL12+AL13),0) -> 0 | AN14: =IF(378>(AN12+AN13),378-(AN12+AN13),0) -> 0 | AP14: =IF(378>(AP12+AP13),378-(AP12+AP13),0) -> 0 | AR14: =IF(378>(AR12+AR13),378-(AR12+AR13),0) -> 0 | AT14: =IF(378>(AT12+AT13),378-(AT12+AT13),0) -> 0 | AV14: =IF(378>(AV12+AV13),378-(AV12+AV13),0) -> 0 | AX14: =IF(378>(AX12+AX13),378-(AX12+AX13),0) -> 144.52 | AZ14: =IF(378>(AZ12+AZ13),378-(AZ12+AZ13),0) -> 378 | BB14: =SUM(AD14:BA14) -> 1271.89 | BC14: =SUM(F14:AC14) -> 1512
BB15: =SUM(AD15:BA15) -> 0 | BC15: =SUM(F15:AC15) -> 0
A16: FLEX | B16: 166435 | C16: 5100 MONUMENT AVE. A CONDO | D16: Margin | E16: GFS2 | F16: =ROUND(Volume!E19*'rt2'!F$758,2)-F17 -> 0 | G16: 0 | H16: =ROUND(Volume!G19*'rt2'!H$758,2)-H17 -> 0 | I16: 0 | J16: =ROUND(Volume!I19*'rt2'!J$758,2)-J17 -> 0 | K16: 0 | L16: =ROUND(Volume!K19*'rt2'!L$758,2)-L17 -> 704.36 | M16: 0 | N16: =ROUND(Volume!M19*'rt2'!N$758,2)-N17 -> 1675.97 | O16: 0 | P16: =ROUND(Volume!O19*'rt2'!P$758,2)-P17 -> 3578.58 | Q16: 0 | R16: =ROUND(Volume!Q19*'rt2'!R$758,2)-R17 -> 3058 | S16: 0 | T16: =ROUND(Volume!S19*'rt2'!T$758,2)-T17 -> 1765.82 | U16: 0 | V16: =ROUND(Volume!U19*'rt2'!V$758,2)-V17 -> 1561.31 | W16: 0 | X16: =ROUND(Volume!W19*'rt2'!X$758,2)-X17 -> 59.04 | Y16: 0 | Z16: =ROUND(Volume!Y19*'rt2'!Z$758,2)-Z17 -> 0 | AA16: 0 | AB16: =ROUND(Volume!AA19*'rt2'!AB$758,2)-AB17 -> 0 | AC16: 0 | AD16: 0 | AE16: 0 | AF16: 0 | AG16: 0 | AH16: -241111.11 | AI16: 0 | AJ16: =ROUND(Volume!AI19*'rt2'!AJ$758,2)-AJ17 -> 1473.7 | AK16: 241165.81 | AL16: =ROUND(Volume!AK19*'rt2'!AL$758,2)-AL17 -> 2986.2 | AM16: 0 | AN16: =ROUND(Volume!AM19*'rt2'!AN$758,2)-AN17 -> 4253.31 | AO16: 0 | AP16: =ROUND(Volume!AO19*'rt2'!AP$758,2)-AP17 -> 4598.11 | AQ16: 0 | AR16: =ROUND(Volume!AQ19*'rt2'!AR$758,2)-AR17 -> 4528.01 | AS16: 0 | AT16: =ROUND(Volume!AS19*'rt2'!AT$758,2)-AT17 -> 1822.89 | AU16: 0 | AV16: =ROUND(Volume!AU19*'rt2'!AV$758,2)-AV17 -> 1041.92 | AW16: 0 | AX16: =ROUND(Volume!AW19*'rt2'!AX$758,2)-AX17 -> 118.29 | AY16: 0 | AZ16: =ROUND(Volume!AY19*'rt2'!AZ$758,2)-AZ17 -> 39.31 | BA16: 0 | BB16: =SUM(AD16:BA16) -> 20916.44 | BC16: =SUM(F16:AC16) -> 12403.08
A17: FLEX | B17: 166435 | C17: 5100 MONUMENT AVE. A CONDO | D17: Gas Cost | F17: =ROUND(Volume!E19*'rt2'!F$759,2) -> 0 | H17: =ROUND(Volume!G19*'rt2'!H$759,2) -> 0 | J17: =ROUND(Volume!I19*'rt2'!J$759,2) -> 0 | L17: =ROUND(Volume!K19*'rt2'!L$759,2) -> 491.57 | N17: =ROUND(Volume!M19*'rt2'!N$759,2) -> 2077.43 | P17: =ROUND(Volume!O19*'rt2'!P$759,2) -> 4435.77 | R17: =ROUND(Volume!Q19*'rt2'!R$759,2) -> 3838.37 | T17: =ROUND(Volume!S19*'rt2'!T$759,2) -> 2265.13 | V17: =ROUND(Volume!U19*'rt2'!V$759,2) -> 1669.71 | X17: =ROUND(Volume!W19*'rt2'!X$759,2) -> 80.3 | Z17: =ROUND(Volume!Y19*'rt2'!Z$759,2) -> 0 | AB17: =ROUND(Volume!AA19*'rt2'!AB$759,2) -> 0 | AJ17: =ROUND(Volume!AI19*'rt2'!AJ$759,2) -> 1486.49 | AL17: =ROUND(Volume!AK19*'rt2'!AL$759,2) -> 2654.07 | AN17: =ROUND(Volume!AM19*'rt2'!AN$759,2) -> 3888.21 | AP17: =ROUND(Volume!AO19*'rt2'!AP$759,2) -> 3605.71 | AR17: =ROUND(Volume!AQ19*'rt2'!AR$759,2) -> 2837.12 | AT17: =ROUND(Volume!AS19*'rt2'!AT$759,2) -> 994.52 | AV17: =ROUND(Volume!AU19*'rt2'!AV$759,2) -> 569.36 | AX17: =ROUND(Volume!AW19*'rt2'!AX$759,2) -> 59.53 | AZ17: =ROUND(Volume!AY19*'rt2'!AZ$759,2) -> 25.35 | BB17: =SUM(AD17:BA17) -> 16120.36 | BC17: =SUM(F17:AC17) -> 14858.28
A18: FLEX | B18: 166435 | C18: 5100 MONUMENT AVE. A CONDO | D18: Minimum | E18: + | F18: =IF(378>(F16+F17),378-(F16+F17),0) -> 378 | H18: =IF(378>(H16+H17),378-(H16+H17),0) -> 378 | J18: =IF(378>(J16+J17),378-(J16+J17),0) -> 378 | L18: =IF(378>(L16+L17),378-(L16+L17),0) -> 0 | N18: =IF(378>(N16+N17),378-(N16+N17),0) -> 0 | P18: =IF(378>(P16+P17),378-(P16+P17),0) -> 0 | R18: =IF(378>(R16+R17),378-(R16+R17),0) -> 0 | T18: =IF(378>(T16+T17),378-(T16+T17),0) -> 0 | V18: =IF(378>(V16+V17),378-(V16+V17),0) -> 0 | X18: =IF(378>(X16+X17),378-(X16+X17),0) -> 238.66 | Z18: =IF(378>(Z16+Z17),378-(Z16+Z17),0) -> 378 | AB18: =IF(378>(AB16+AB17),378-(AB16+AB17),0) -> 378 | AJ18: =IF(378>(AJ16+AJ17),378-(AJ16+AJ17),0) -> 0 | AL18: =IF(378>(AL16+AL17),378-(AL16+AL17),0) -> 0 | AN18: =IF(378>(AN16+AN17),378-(AN16+AN17),0) -> 0 | AP18: =IF(378>(AP16+AP17),378-(AP16+AP17),0) -> 0 | AR18: =IF(378>(AR16+AR17),378-(AR16+AR17),0) -> 0 | AT18: =IF(378>(AT16+AT17),378-(AT16+AT17),0) -> 0 | AV18: =IF(378>(AV16+AV17),378-(AV16+AV17),0) -> 0 | AX18: =IF(378>(AX16+AX17),378-(AX16+AX17),0) -> 200.18 | AZ18: =IF(378>(AZ16+AZ17),378-(AZ16+AZ17),0) -> 313.34 | BB18: =SUM(AD18:BA18) -> 513.52 | BC18: =SUM(F18:AC18) -> 2128.66
BB19: =SUM(AD19:BA19) -> 0 | BC19: =SUM(F19:AC19) -> 0
A20: FLEX | B20: 166507 | C20: THE TUCKAHOE A CONDO | D20: Margin | E20: GFS4 | F20: =ROUND(Volume!E23*'rt2'!F$758,2)-F21 -> 147.68 | G20: 0 | H20: =ROUND(Volume!G23*'rt2'!H$758,2)-H21 -> 219.69 | I20: 0 | J20: =ROUND(Volume!I23*'rt2'!J$758,2)-J21 -> 290.08 | K20: 0 | L20: =ROUND(Volume!K23*'rt2'!L$758,2)-L21 -> 904.7 | M20: 0 | N20: =ROUND(Volume!M23*'rt2'!N$758,2)-N21 -> 1982.91 | O20: 0 | P20: =ROUND(Volume!O23*'rt2'!P$758,2)-P21 -> 4598.98 | Q20: 0 | R20: =ROUND(Volume!Q23*'rt2'!R$758,2)-R21 -> 4046.79 | S20: 0 | T20: =ROUND(Volume!S23*'rt2'!T$758,2)-T21 -> 2480.57 | U20: 0 | V20: =ROUND(Volume!U23*'rt2'!V$758,2)-V21 -> 2493.65 | W20: 0 | X20: =ROUND(Volume!W23*'rt2'!X$758,2)-X21 -> 337.57 | Y20: 0 | Z20: =ROUND(Volume!Y23*'rt2'!Z$758,2)-Z21 -> 265.35 | AA20: 0 | AB20: =ROUND(Volume!AA23*'rt2'!AB$758,2)-AB21 -> 223.59 | AC20: 0 | AD20: =ROUND(Volume!AC23*'rt2'!AD$758,2)-AD21 -> 149.77 | AE20: 0 | AF20: =ROUND(Volume!AE23*'rt2'!AF$758,2)-AF21 -> 172.7 | AG20: 0 | AH20: =ROUND(Volume!AG23*'rt2'!AH$758,2)-AH21 -> 401.92 | AI20: 0 | AJ20: =ROUND(Volume!AI23*'rt2'!AJ$758,2)-AJ21 -> 1429.96 | AK20: 0 | AL20: =ROUND(Volume!AK23*'rt2'!AL$758,2)-AL21 -> 2658.88 | AM20: 0 | AN20: =ROUND(Volume!AM23*'rt2'!AN$758,2)-AN21 -> 3146.75 | AO20: 0 | AP20: =ROUND(Volume!AO23*'rt2'!AP$758,2)-AP21 -> 3497.79 | AQ20: 0 | AR20: =ROUND(Volume!AQ23*'rt2'!AR$758,2)-AR21 -> 4117.25 | AS20: 0 | AT20: =ROUND(Volume!AS23*'rt2'!AT$758,2)-AT21 -> 2041.56 | AU20: 0 | AV20: =ROUND(Volume!AU23*'rt2'!AV$758,2)-AV21 -> 1754.68 | AW20: 0 | AX20: =ROUND(Volume!AW23*'rt2'!AX$758,2)-AX21 -> 428.49 | AY20: 0 | AZ20: =ROUND(Volume!AY23*'rt2'!AZ$758,2)-AZ21 -> 241.27 | BA20: 0 | BB20: =SUM(AD20:BA20) -> 20041.02 | BC20: =SUM(F20:AC20) -> 17991.56
A21: FLEX | B21: 166507 | C21: THE TUCKAHOE A CONDO | D21: Gas Cost | F21: =ROUND(Volume!E23*'rt2'!F$759,2) -> 215.08 | H21: =ROUND(Volume!G23*'rt2'!H$759,2) -> 181.07 | J21: =ROUND(Volume!I23*'rt2'!J$759,2) -> 260.85 | L21: =ROUND(Volume!K23*'rt2'!L$759,2) -> 631.38 | N21: =ROUND(Volume!M23*'rt2'!N$759,2) -> 2457.88 | P21: =ROUND(Volume!O23*'rt2'!P$759,2) -> 5700.61 | R21: =ROUND(Volume!Q23*'rt2'!R$759,2) -> 5079.49 | T21: =ROUND(Volume!S23*'rt2'!T$759,2) -> 3181.96 | V21: =ROUND(Volume!U23*'rt2'!V$759,2) -> 2666.8 | X21: =ROUND(Volume!W23*'rt2'!X$759,2) -> 459.12 | Z21: =ROUND(Volume!Y23*'rt2'!Z$759,2) -> 383.8 | AB21: =ROUND(Volume!AA23*'rt2'!AB$759,2) -> 316.55 | AD21: =ROUND(Volume!AC23*'rt2'!AD$759,2) -> 210.72 | AF21: =ROUND(Volume!AE23*'rt2'!AF$759,2) -> 244.15 | AH21: =ROUND(Volume!AG23*'rt2'!AH$759,2) -> 430.11 | AJ21: =ROUND(Volume!AI23*'rt2'!AJ$759,2) -> 1442.38 | AL21: =ROUND(Volume!AK23*'rt2'!AL$759,2) -> 2363.16 | AN21: =ROUND(Volume!AM23*'rt2'!AN$759,2) -> 2876.65 | AP21: =ROUND(Volume!AO23*'rt2'!AP$759,2) -> 2742.87 | AR21: =ROUND(Volume!AQ23*'rt2'!AR$759,2) -> 2579.74 | AT21: =ROUND(Volume!AS23*'rt2'!AT$759,2) -> 1113.81 | AV21: =ROUND(Volume!AU23*'rt2'!AV$759,2) -> 958.84 | AX21: =ROUND(Volume!AW23*'rt2'!AX$759,2) -> 215.62 | AZ21: =ROUND(Volume!AY23*'rt2'!AZ$759,2) -> 155.61 | BB21: =SUM(AD21:BA21) -> 15333.66 | BC21: =SUM(F21:AC21) -> 21534.59
A22: FLEX | B22: 166507 | C22: THE TUCKAHOE A CONDO | D22: Minimum | E22: + | F22: =IF(378>(F20+F21),378-(F20+F21),0) -> 15.24 | H22: =IF(378>(H20+H21),378-(H20+H21),0) -> 0 | J22: =IF(378>(J20+J21),378-(J20+J21),0) -> 0 | L22: =IF(378>(L20+L21),378-(L20+L21),0) -> 0 | N22: =IF(378>(N20+N21),378-(N20+N21),0) -> 0 | P22: =IF(378>(P20+P21),378-(P20+P21),0) -> 0 | R22: =IF(378>(R20+R21),378-(R20+R21),0) -> 0 | T22: =IF(378>(T20+T21),378-(T20+T21),0) -> 0 | V22: =IF(378>(V20+V21),378-(V20+V21),0) -> 0 | X22: =IF(378>(X20+X21),378-(X20+X21),0) -> 0 | Z22: =IF(378>(Z20+Z21),378-(Z20+Z21),0) -> 0 | AB22: =IF(378>(AB20+AB21),378-(AB20+AB21),0) -> 0 | AD22: =IF(378>(AD20+AD21),378-(AD20+AD21),0) -> 17.51 | AF22: =IF(378>(AF20+AF21),378-(AF20+AF21),0) -> 0 | AH22: =IF(378>(AH20+AH21),378-(AH20+AH21),0) -> 0 | AJ22: =IF(378>(AJ20+AJ21),378-(AJ20+AJ21),0) -> 0 | AL22: =IF(378>(AL20+AL21),378-(AL20+AL21),0) -> 0 | AN22: =IF(378>(AN20+AN21),378-(AN20+AN21),0) -> 0 | AP22: =IF(378>(AP20+AP21),378-(AP20+AP21),0) -> 0 | AR22: =IF(378>(AR20+AR21),378-(AR20+AR21),0) -> 0 | AT22: =IF(378>(AT20+AT21),378-(AT20+AT21),0) -> 0 | AV22: =IF(378>(AV20+AV21),378-(AV20+AV21),0) -> 0 | AX22: =IF(378>(AX20+AX21),378-(AX20+AX21),0) -> 0 | AZ22: =IF(378>(AZ20+AZ21),378-(AZ20+AZ21),0) -> 0 | BB22: =SUM(AD22:BA22) -> 17.51 | BC22: =SUM(F22:AC22) -> 15.24
A23: FLEX | B23: 166507 | C23: THE TUCKAHOE A CONDO | D23: Tax | E23: TXIN | F23: 124.75 | G23: 0 | H23: 125.24 | I23: 0 | J23: 127.21 | K23: 0 | L23: 140.1 | M23: 0 | N23: 180.78 | O23: 0 | P23: 260.98 | Q23: 0 | R23: 244.92 | S23: 0 | T23: 197.51 | U23: 0 | V23: 194.51 | W23: 0 | X23: 131.5 | Y23: 0 | Z23: 129.37 | AA23: 0 | AB23: 127.8 | AC23: 0 | AD23: 125.15 | AE23: 0 | AF23: 125.95 | AG23: 0 | AH23: 131.88 | AI23: 0 | AJ23: 161.02 | AK23: 0 | AL23: 191.72 | AM23: 0 | AN23: 211.54 | AO23: 0 | AP23: 214.85 | AQ23: 0 | AR23: 221.78 | AS23: 0 | AT23: 167.96 | AU23: 0 | AV23: 167.32 | AW23: 0 | AX23: 131.23 | AY23: 0 | AZ23: 126.83 | BA23: 0 | BB23: =SUM(AD23:BA23) -> 1977.23 | BC23: =SUM(F23:AC23) -> 1984.67
BB24: =SUM(AD24:BA24) -> 0 | BC24: =SUM(F24:AC24) -> 0
A25: FLEX | B25: 166544 | C25: THE BERKSHIRE APTS | D25: Margin | E25: GFS2 | F25: =ROUND(Volume!E28*'rt2'!F$756,2)-F26 -> 530.57 | G25: 0 | H25: =ROUND(Volume!G28*'rt2'!H$756,2)-H26 -> 94.65 | I25: 0 | J25: =ROUND(Volume!I28*'rt2'!J$756,2)-J26 -> 0 | K25: 0 | L25: =ROUND(Volume!K28*'rt2'!L$756,2)-L26 -> 1361.77 | M25: 0 | N25: =ROUND(Volume!M28*'rt2'!N$756,2)-N26 -> 5293.9 | O25: 0 | P25: =ROUND(Volume!O28*'rt2'!P$756,2)-P26 -> 7985.29 | Q25: 0 | R25: =ROUND(Volume!Q28*'rt2'!R$756,2)-R26 -> 10626.46 | S25: 0 | T25: =ROUND(Volume!S28*'rt2'!T$756,2)-T26 -> 8383.04 | U25: 0 | V25: =ROUND(Volume!U28*'rt2'!V$756,2)-V26 -> 5322.1 | W25: 0 | X25: =ROUND(Volume!W28*'rt2'!X$756,2)-X26 -> 4430.04 | Y25: 0 | Z25: =ROUND(Volume!Y28*'rt2'!Z$756,2)-Z26 -> 512.95 | AA25: 0 | AB25: =ROUND(Volume!AA28*'rt2'!AB$756,2)-AB26 -> 170.21 | AC25: 0 | AD25: =ROUND(Volume!AC28*'rt2'!AD$756,2)-AD26 -> 59.04 | AE25: 0 | AF25: =ROUND(Volume!AE28*'rt2'!AF$756,2)-AF26 -> 18.94 | AG25: 0 | AH25: =ROUND(Volume!AG28*'rt2'!AH$756,2)-AH26 -> 458.69 | AI25: 0 | AJ25: =ROUND(Volume!AI28*'rt2'!AJ$756,2)-AJ26 -> 862.29 | AK25: 0 | AL25: =ROUND(Volume!AK28*'rt2'!AL$756,2)-AL26 -> 5034.18 | AM25: 0 | AN25: =ROUND(Volume!AM28*'rt2'!AN$756,2)-AN26 -> 6393.61 | AO25: 0 | AP25: =ROUND(Volume!AO28*'rt2'!AP$756,2)-AP26 -> 8152.67 | AQ25: 0 | AR25: =ROUND(Volume!AQ28*'rt2'!AR$756,2)-AR26 -> 7702.21 | AS25: 0 | AT25: =ROUND(Volume!AS28*'rt2'!AT$756,2)-AT26 -> 6407.11 | AU25: 0 | AV25: =ROUND(Volume!AU28*'rt2'!AV$756,2)-AV26 -> 3052.76 | AW25: 0 | AX25: =ROUND(Volume!AW28*'rt2'!AX$756,2)-AX26 -> 1253.91 | AY25: 0 | AZ25: =ROUND(Volume!AY28*'rt2'!AZ$756,2)-AZ26 -> 1112.07 | BA25: 0 | BB25: =SUM(AD25:BA25) -> 40507.48 | BC25: =SUM(F25:AC25) -> 44710.98
A26: FLEX | B26: 166544 | C26: THE BERKSHIRE APTS | D26: Gas Cost | F26: =ROUND(Volume!E28*'rt2'!F$757,2) -> 585.89 | H26: =ROUND(Volume!G28*'rt2'!H$757,2) -> 137.84 | J26: =ROUND(Volume!I28*'rt2'!J$757,2) -> 0 | L26: =ROUND(Volume!K28*'rt2'!L$757,2) -> 1224.6 | N26: =ROUND(Volume!M28*'rt2'!N$757,2) -> 3694.6 | P26: =ROUND(Volume!O28*'rt2'!P$757,2) -> 9898.06 | R26: =ROUND(Volume!Q28*'rt2'!R$757,2) -> 13171.89 | T26: =ROUND(Volume!S28*'rt2'!T$757,2) -> 10522.31 | V26: =ROUND(Volume!U28*'rt2'!V$757,2) -> 6826.96 | X26: =ROUND(Volume!W28*'rt2'!X$757,2) -> 4737.63 | Z26: =ROUND(Volume!Y28*'rt2'!Z$757,2) -> 697.66 | AB26: =ROUND(Volume!AA28*'rt2'!AB$757,2) -> 246.17 | AD26: =ROUND(Volume!AC28*'rt2'!AD$757,2) -> 83.58 | AF26: =ROUND(Volume!AE28*'rt2'!AF$757,2) -> 26.64 | AH26: =ROUND(Volume!AG28*'rt2'!AH$757,2) -> 648.48 | AJ26: =ROUND(Volume!AI28*'rt2'!AJ$757,2) -> 922.77 | AL26: =ROUND(Volume!AK28*'rt2'!AL$757,2) -> 5077.86 | AN26: =ROUND(Volume!AM28*'rt2'!AN$757,2) -> 5682.5 | AP26: =ROUND(Volume!AO28*'rt2'!AP$757,2) -> 7452.88 | AR26: =ROUND(Volume!AQ28*'rt2'!AR$757,2) -> 6039.86 | AT26: =ROUND(Volume!AS28*'rt2'!AT$757,2) -> 4014.5 | AV26: =ROUND(Volume!AU28*'rt2'!AV$757,2) -> 1665.5 | AX26: =ROUND(Volume!AW28*'rt2'!AX$757,2) -> 685.19 | AZ26: =ROUND(Volume!AY28*'rt2'!AZ$757,2) -> 559.62 | BB26: =SUM(AD26:BA26) -> 32859.38 | BC26: =SUM(F26:AC26) -> 51743.61
A27: FLEX | B27: 166544 | C27: THE BERKSHIRE APTS | D27: Minimum | E27: - | F27: =IF(378>(F25+F26),378-(F25+F26),0) -> 0 | H27: =IF(378>(H25+H26),378-(H25+H26),0) -> 145.51 | J27: =IF(378>(J25+J26),378-(J25+J26),0) -> 378 | L27: =IF(378>(L25+L26),378-(L25+L26),0) -> 0 | N27: =IF(378>(N25+N26),378-(N25+N26),0) -> 0 | P27: =IF(378>(P25+P26),378-(P25+P26),0) -> 0 | R27: =IF(378>(R25+R26),378-(R25+R26),0) -> 0 | T27: =IF(378>(T25+T26),378-(T25+T26),0) -> 0 | V27: =IF(378>(V25+V26),378-(V25+V26),0) -> 0 | X27: =IF(378>(X25+X26),378-(X25+X26),0) -> 0 | Z27: =IF(378>(Z25+Z26),378-(Z25+Z26),0) -> 0 | AB27: =IF(378>(AB25+AB26),378-(AB25+AB26),0) -> 0 | AD27: =IF(378>(AD25+AD26),378-(AD25+AD26),0) -> 235.38 | AF27: =IF(378>(AF25+AF26),378-(AF25+AF26),0) -> 332.42 | AH27: =IF(378>(AH25+AH26),378-(AH25+AH26),0) -> 0 | AJ27: =IF(378>(AJ25+AJ26),378-(AJ25+AJ26),0) -> 0 | AL27: =IF(378>(AL25+AL26),378-(AL25+AL26),0) -> 0 | AN27: =IF(378>(AN25+AN26),378-(AN25+AN26),0) -> 0 | AP27: =IF(378>(AP25+AP26),378-(AP25+AP26),0) -> 0 | AR27: =IF(378>(AR25+AR26),378-(AR25+AR26),0) -> 0 | AT27: =IF(378>(AT25+AT26),378-(AT25+AT26),0) -> 0 | AV27: =IF(378>(AV25+AV26),378-(AV25+AV26),0) -> 0 | AX27: =IF(378>(AX25+AX26),378-(AX25+AX26),0) -> 0 | AZ27: =IF(378>(AZ25+AZ26),378-(AZ25+AZ26),0) -> 0 | BB27: =SUM(AD27:BA27) -> 567.8 | BC27: =SUM(F27:AC27) -> 523.51
A28: FLEX | B28: 166544 | C28: THE BERKSHIRE APTS | D28: Tax | E28: TXIN | F28: 134.7 | G28: 0 | H28: 123.04 | I28: 0 | J28: 120 | K28: 0 | L28: 153.84 | M28: 0 | N28: 237.59 | O28: 0 | P28: 364.78 | Q28: 0 | R28: 445.75 | S28: 0 | T28: 378.77 | U28: 0 | V28: 286.29 | W28: 0 | X28: 252.37 | Y28: 0 | Z28: 137.48 | AA28: 0 | AB28: 126.01 | AC28: 0 | AD28: 122.06 | AE28: 0 | AF28: 120.65 | AG28: 0 | AH28: 135.81 | AI28: 0 | AJ28: 145.49 | AK28: 0 | AL28: 264.41 | AM28: 0 | AN28: 292.46 | AO28: 0 | AP28: 357.17 | AQ28: 0 | AR28: 328.85 | AS28: 0 | AT28: 278.39 | AU28: 0 | AV28: 191.71 | AW28: 0 | AX28: 153.81 | AY28: 0 | AZ28: 149.15 | BA28: 0 | BB28: =SUM(AD28:BA28) -> 2539.96 | BC28: =SUM(F28:AC28) -> 2760.62
BB29: =SUM(AD29:BA29) -> 0 | BC29: =SUM(F29:AC29) -> 0
A30: FLEX | B30: 250042 | C30: BENEDICTINE SCHOOL | D30: Margin | E30: GFS2 | F30: =ROUND(Volume!E33*'rt2'!F$758,2)-F31 -> 79.92 | G30: 0 | H30: =ROUND(Volume!G33*'rt2'!H$758,2)-H31 -> 0 | I30: 0 | J30: =ROUND(Volume!I33*'rt2'!J$758,2)-J31 -> 166.7 | K30: 0 | L30: =ROUND(Volume!K33*'rt2'!L$758,2)-L31 -> 13.32 | M30: 0 | N30: =ROUND(Volume!M33*'rt2'!N$758,2)-N31 -> 1139.71 | O30: 0 | P30: =ROUND(Volume!O33*'rt2'!P$758,2)-P31 -> 2052.01 | Q30: 0 | R30: =ROUND(Volume!Q33*'rt2'!R$758,2)-R31 -> 1546.64 | S30: 0 | T30: =ROUND(Volume!S33*'rt2'!T$758,2)-T31 -> 1208.66 | U30: 0 | V30: =ROUND(Volume!U33*'rt2'!V$758,2)-V31 -> 1336.34 | W30: 0 | X30: =ROUND(Volume!W33*'rt2'!X$758,2)-X31 -> 194.83 | Y30: 0 | Z30: =ROUND(Volume!Y33*'rt2'!Z$758,2)-Z31 -> 14.74 | AA30: 0 | AB30: =ROUND(Volume!AA33*'rt2'!AB$758,2)-AB31 -> 7.8 | AC30: 0 | AD30: =ROUND(Volume!AC33*'rt2'!AD$758,2)-AD31 -> 4.47 | AE30: 0 | AF30: =ROUND(Volume!AE33*'rt2'!AF$758,2)-AF31 -> 7.55 | AG30: 0 | AH30: =ROUND(Volume!AG33*'rt2'!AH$758,2)-AH31 -> 22.02 | AI30: 0 | AJ30: =ROUND(Volume!AI33*'rt2'!AJ$758,2)-AJ31 -> 211.65 | AK30: 0 | AL30: =ROUND(Volume!AK33*'rt2'!AL$758,2)-AL31 -> 1767.76 | AM30: 0 | AN30: =ROUND(Volume!AM33*'rt2'!AN$758,2)-AN31 -> 1251.38 | AO30: 0 | AP30: =ROUND(Volume!AO33*'rt2'!AP$758,2)-AP31 -> 1064.97 | AQ30: 0 | AR30: =ROUND(Volume!AQ33*'rt2'!AR$758,2)-AR31 -> 1301.72 | AS30: 0 | AT30: =ROUND(Volume!AS33*'rt2'!AT$758,2)-AT31 -> 1026.32 | AU30: 0 | AV30: =ROUND(Volume!AU33*'rt2'!AV$758,2)-AV31 -> 447.66 | AW30: 0 | AX30: =ROUND(Volume!AW33*'rt2'!AX$758,2)-AX31 -> 46.51 | AY30: 0 | AZ30: =ROUND(Volume!AY33*'rt2'!AZ$758,2)-AZ31 -> 40.56 | BA30: 0 | BB30: =SUM(AD30:BA30) -> 7192.57 | BC30: =SUM(F30:AC30) -> 7760.67
A31: FLEX | B31: 250042 | C31: BENEDICTINE SCHOOL | D31: Gas Cost | F31: =ROUND(Volume!E33*'rt2'!F$759,2) -> 116.39 | H31: =ROUND(Volume!G33*'rt2'!H$759,2) -> 0 | J31: =ROUND(Volume!I33*'rt2'!J$759,2) -> 149.92 | L31: =ROUND(Volume!K33*'rt2'!L$759,2) -> 9.3 | N31: =ROUND(Volume!M33*'rt2'!N$759,2) -> 1412.71 | P31: =ROUND(Volume!O33*'rt2'!P$759,2) -> 2543.55 | R31: =ROUND(Volume!Q33*'rt2'!R$759,2) -> 1941.32 | T31: =ROUND(Volume!S33*'rt2'!T$759,2) -> 1550.41 | V31: =ROUND(Volume!U33*'rt2'!V$759,2) -> 1429.13 | X31: =ROUND(Volume!W33*'rt2'!X$759,2) -> 264.99 | Z31: =ROUND(Volume!Y33*'rt2'!Z$759,2) -> 21.32 | AB31: =ROUND(Volume!AA33*'rt2'!AB$759,2) -> 11.05 | AD31: =ROUND(Volume!AC33*'rt2'!AD$759,2) -> 6.3 | AF31: =ROUND(Volume!AE33*'rt2'!AF$759,2) -> 10.68 | AH31: =ROUND(Volume!AG33*'rt2'!AH$759,2) -> 23.56 | AJ31: =ROUND(Volume!AI33*'rt2'!AJ$759,2) -> 213.48 | AL31: =ROUND(Volume!AK33*'rt2'!AL$759,2) -> 1571.15 | AN31: =ROUND(Volume!AM33*'rt2'!AN$759,2) -> 1143.96 | AP31: =ROUND(Volume!AO33*'rt2'!AP$759,2) -> 835.11 | AR31: =ROUND(Volume!AQ33*'rt2'!AR$759,2) -> 815.62 | AT31: =ROUND(Volume!AS33*'rt2'!AT$759,2) -> 559.93 | AV31: =ROUND(Volume!AU33*'rt2'!AV$759,2) -> 244.63 | AX31: =ROUND(Volume!AW33*'rt2'!AX$759,2) -> 23.4 | AZ31: =ROUND(Volume!AY33*'rt2'!AZ$759,2) -> 26.16 | BB31: =SUM(AD31:BA31) -> 5473.98 | BC31: =SUM(F31:AC31) -> 9450.09
A32: FLEX | B32: 250042 | C32: BENEDICTINE SCHOOL | D32: Minimum | E32: + | F32: =IF(378>(F30+F31),378-(F30+F31),0) -> 181.69 | H32: =IF(378>(H30+H31),378-(H30+H31),0) -> 378 | J32: =IF(378>(J30+J31),378-(J30+J31),0) -> 61.38 | L32: =IF(378>(L30+L31),378-(L30+L31),0) -> 355.38 | N32: =IF(378>(N30+N31),378-(N30+N31),0) -> 0 | P32: =IF(378>(P30+P31),378-(P30+P31),0) -> 0 | R32: =IF(378>(R30+R31),378-(R30+R31),0) -> 0 | T32: =IF(378>(T30+T31),378-(T30+T31),0) -> 0 | V32: =IF(378>(V30+V31),378-(V30+V31),0) -> 0 | X32: =IF(378>(X30+X31),378-(X30+X31),0) -> 0 | Z32: =IF(378>(Z30+Z31),378-(Z30+Z31),0) -> 341.94 | AB32: =IF(378>(AB30+AB31),378-(AB30+AB31),0) -> 359.15 | AD32: =IF(378>(AD30+AD31),378-(AD30+AD31),0) -> 367.23 | AF32: =IF(378>(AF30+AF31),378-(AF30+AF31),0) -> 359.77 | AH32: =IF(378>(AH30+AH31),378-(AH30+AH31),0) -> 332.42 | AJ32: =IF(378>(AJ30+AJ31),378-(AJ30+AJ31),0) -> 0 | AL32: =IF(378>(AL30+AL31),378-(AL30+AL31),0) -> 0 | AN32: =IF(378>(AN30+AN31),378-(AN30+AN31),0) -> 0 | AP32: =IF(378>(AP30+AP31),378-(AP30+AP31),0) -> 0 | AR32: =IF(378>(AR30+AR31),378-(AR30+AR31),0) -> 0 | AT32: =IF(378>(AT30+AT31),378-(AT30+AT31),0) -> 0 | AV32: =IF(378>(AV30+AV31),378-(AV30+AV31),0) -> 0 | AX32: =IF(378>(AX30+AX31),378-(AX30+AX31),0) -> 308.09 | AZ32: =IF(378>(AZ30+AZ31),378-(AZ30+AZ31),0) -> 311.28 | BB32: =SUM(AD32:BA32) -> 1678.79 | BC32: =SUM(F32:AC32) -> 1677.54
A33: FLEX | B33: 250042 | C33: BENEDICTINE SCHOOL | D33: Tax | E33: TXIN | F33: 122.57 | G33: 0 | H33: 120 | I33: 0 | J33: 124.14 | K33: 0 | L33: 120.3 | M33: 0 | N33: 154.94 | O33: 0 | P33: 182.9 | Q33: 0 | R33: 167.74 | S33: 0 | T33: 157.77 | U33: 0 | V33: 159.93 | W33: 0 | X33: 126.64 | Y33: 0 | Z33: 120.52 | AA33: 0 | AB33: 120.27 | AC33: 0 | AD33: 120.15 | AE33: 0 | AF33: 120.26 | AG33: 0 | AH33: 120.65 | AI33: 0 | AJ33: 126.07 | AK33: 0 | AL33: 167.68 | AM33: 0 | AN33: 156.4 | AO33: 0 | AP33: 148.88 | AQ33: 0 | AR33: 152.18 | AS33: 0 | AT33: 144.11 | AU33: 0 | AV33: 132.07 | AW33: 0 | AX33: 121.22 | AY33: 0 | AZ33: 121.15 | BA33: 0 | BB33: =SUM(AD33:BA33) -> 1630.82 | BC33: =SUM(F33:AC33) -> 1677.72
BB34: =SUM(AD34:BA34) -> 0 | BC34: =SUM(F34:AC34) -> 0
A35: FLEX | B35: 250106 | C35: CHILDREN'S HOSPITAL | D35: Margin | E35: GFS2 | F35: =ROUND(Volume!E38*'rt2'!F$758,2)-F36 -> 1399.84 | G35: 0 | H35: =ROUND(Volume!G38*'rt2'!H$758,2)-H36 -> 1788.21 | I35: 0 | J35: =ROUND(Volume!I38*'rt2'!J$758,2)-J36 -> 1830.46 | K35: 0 | L35: =ROUND(Volume!K38*'rt2'!L$758,2)-L36 -> 3721.08 | M35: 0 | N35: =ROUND(Volume!M38*'rt2'!N$758,2)-N36 -> 3804.82 | O35: 0 | P35: =ROUND(Volume!O38*'rt2'!P$758,2)-P36 -> 6803.11 | Q35: 0 | R35: =ROUND(Volume!Q38*'rt2'!R$758,2)-R36 -> 6454.16 | S35: 0 | T35: =ROUND(Volume!S38*'rt2'!T$758,2)-T36 -> 5223.24 | U35: 0 | V35: =ROUND(Volume!U38*'rt2'!V$758,2)-V36 -> 5470.12 | W35: 0 | X35: =ROUND(Volume!W38*'rt2'!X$758,2)-X36 -> 3339.54 | Y35: 0 | Z35: =ROUND(Volume!Y38*'rt2'!Z$758,2)-Z36 -> 1526.15 | AA35: 0 | AB35: =ROUND(Volume!AA38*'rt2'!AB$758,2)-AB36 -> 859.42 | AC35: 0 | AD35: =ROUND(Volume!AC38*'rt2'!AD$758,2)-AD36 -> 943.41 | AE35: 0 | AF35: =ROUND(Volume!AE38*'rt2'!AF$758,2)-AF36 -> 446.33 | AG35: 0 | AH35: =ROUND(Volume!AG38*'rt2'!AH$758,2)-AH36 -> 1459.97 | AI35: 0 | AJ35: =ROUND(Volume!AI38*'rt2'!AJ$758,2)-AJ36 -> 2895.42 | AK35: 0 | AL35: =ROUND(Volume!AK38*'rt2'!AL$758,2)-AL36 -> 4586.36 | AM35: 0 | AN35: =ROUND(Volume!AM38*'rt2'!AN$758,2)-AN36 -> 5660.9 | AO35: 0 | AP35: =ROUND(Volume!AO38*'rt2'!AP$758,2)-AP36 -> 6285.03 | AQ35: 0 | AR35: =ROUND(Volume!AQ38*'rt2'!AR$758,2)-AR36 -> 5729.2 | AS35: 0 | AT35: =ROUND(Volume!AS38*'rt2'!AT$758,2)-AT36 -> 5658.13 | AU35: 0 | AV35: =ROUND(Volume!AU38*'rt2'!AV$758,2)-AV36 -> 4804.53 | AW35: 0 | AX35: =ROUND(Volume!AW38*'rt2'!AX$758,2)-AX36 -> 4189.56 | AY35: 0 | AZ35: =ROUND(Volume!AY38*'rt2'!AZ$758,2)-AZ36 -> 2644.86 | BA35: 0 | BB35: =SUM(AD35:BA35) -> 45303.7 | BC35: =SUM(F35:AC35) -> 42220.15
A36: FLEX | B36: 250106 | C36: CHILDREN'S HOSPITAL | D36: Gas Cost | F36: =ROUND(Volume!E38*'rt2'!F$759,2) -> 2038.7 | H36: =ROUND(Volume!G38*'rt2'!H$759,2) -> 1473.92 | J36: =ROUND(Volume!I38*'rt2'!J$759,2) -> 1646.07 | L36: =ROUND(Volume!K38*'rt2'!L$759,2) -> 2596.93 | N36: =ROUND(Volume!M38*'rt2'!N$759,2) -> 4716.21 | P36: =ROUND(Volume!O38*'rt2'!P$759,2) -> 8432.71 | R36: =ROUND(Volume!Q38*'rt2'!R$759,2) -> 8101.19 | T36: =ROUND(Volume!S38*'rt2'!T$759,2) -> 6700.15 | V36: =ROUND(Volume!U38*'rt2'!V$759,2) -> 5849.93 | X36: =ROUND(Volume!W38*'rt2'!X$759,2) -> 4542.12 | Z36: =ROUND(Volume!Y38*'rt2'!Z$759,2) -> 2207.31 | AB36: =ROUND(Volume!AA38*'rt2'!AB$759,2) -> 1216.73 | AD36: =ROUND(Volume!AC38*'rt2'!AD$759,2) -> 1327.28 | AF36: =ROUND(Volume!AE38*'rt2'!AF$759,2) -> 631.01 | AH36: =ROUND(Volume!AG38*'rt2'!AH$759,2) -> 1562.37 | AJ36: =ROUND(Volume!AI38*'rt2'!AJ$759,2) -> 2920.54 | AL36: =ROUND(Volume!AK38*'rt2'!AL$759,2) -> 4076.25 | AN36: =ROUND(Volume!AM38*'rt2'!AN$759,2) -> 5174.99 | AP36: =ROUND(Volume!AO38*'rt2'!AP$759,2) -> 4928.54 | AR36: =ROUND(Volume!AQ38*'rt2'!AR$759,2) -> 3589.74 | AT36: =ROUND(Volume!AS38*'rt2'!AT$759,2) -> 3086.9 | AV36: =ROUND(Volume!AU38*'rt2'!AV$759,2) -> 2625.42 | AX36: =ROUND(Volume!AW38*'rt2'!AX$759,2) -> 2108.28 | AZ36: =ROUND(Volume!AY38*'rt2'!AZ$759,2) -> 1705.73 | BB36: =SUM(AD36:BA36) -> 33737.05 | BC36: =SUM(F36:AC36) -> 49521.97
A37: FLEX | B37: 250106 | C37: CHILDREN'S HOSPITAL | D37: Tax | E37: TXIN | F37: 164.98 | G37: 0 | H37: 162.68 | I37: 0 | J37: 165.48 | K37: 0 | L37: 202.66 | M37: 0 | N37: 236.63 | O37: 0 | P37: 328.54 | Q37: 0 | R37: 319.23 | S37: 0 | T37: 283.2 | U37: 0 | V37: 283.45 | W37: 0 | X37: 233.81 | Y37: 0 | Z37: 173.91 | AA37: 0 | AB37: 149.98 | AC37: 0 | AD37: 152.43 | AE37: 0 | AF37: 135.39 | AG37: 0 | AH37: 163.16 | AI37: 0 | AJ37: 203.06 | AK37: 0 | AL37: 243.71 | AM37: 0 | AN37: 284.68 | AO37: 0 | AP37: 290.42 | AQ37: 0 | AR37: 261.63 | AS37: 0 | AT37: 252.91 | AU37: 0 | AV37: 249.56 | AW37: 0 | AX37: 229.82 | AY37: 0 | AZ37: 194.86 | BA37: 0 | BB37: =SUM(AD37:BA37) -> 2661.63 | BC37: =SUM(F37:AC37) -> 2704.55
BB38: =SUM(AD38:BA38) -> 0 | BC38: =SUM(F38:AC38) -> 0
A39: FLEX | B39: 250117 | C39: DOMESTIC LINEN SUPPLY | D39: Margin | E39: GFS6 | F39: =ROUND(Volume!E42*'rt2'!F$756,2)-F40 -> 3354.3 | G39: 0 | H39: =ROUND(Volume!G42*'rt2'!H$756,2)-H40 -> 2096.62 | I39: 0 | J39: =ROUND(Volume!I42*'rt2'!J$756,2)-J40 -> 3144.5 | K39: 0 | L39: =ROUND(Volume!K42*'rt2'!L$756,2)-L40 -> 2922.64 | M39: 0 | N39: =ROUND(Volume!M42*'rt2'!N$756,2)-N40 -> 3619.31 | O39: 0 | P39: =ROUND(Volume!O42*'rt2'!P$756,2)-P40 -> 2458.17 | Q39: 0 | R39: =ROUND(Volume!Q42*'rt2'!R$756,2)-R40 -> 2662.02 | S39: 0 | T39: =ROUND(Volume!S42*'rt2'!T$756,2)-T40 -> 2390.89 | U39: 0 | V39: =ROUND(Volume!U42*'rt2'!V$756,2)-V40 -> 2536.62 | W39: 0 | X39: =ROUND(Volume!W42*'rt2'!X$756,2)-X40 -> 2848.93 | Y39: 0 | Z39: =ROUND(Volume!Y42*'rt2'!Z$756,2)-Z40 -> 2405.68 | AA39: 0 | AB39: =ROUND(Volume!AA42*'rt2'!AB$756,2)-AB40 -> 2208.65 | AC39: 0 | AD39: =ROUND(Volume!AC42*'rt2'!AD$756,2)-AD40 -> 2128.36 | AE39: 0 | AF39: =ROUND(Volume!AE42*'rt2'!AF$756,2)-AF40 -> 1963.95 | AG39: 0 | AH39: =ROUND(Volume!AG42*'rt2'!AH$756,2)-AH40 -> 2392.67 | AI39: 0 | AJ39: =ROUND(Volume!AI42*'rt2'!AJ$756,2)-AJ40 -> 2809.05 | AK39: 0 | AL39: =ROUND(Volume!AK42*'rt2'!AL$756,2)-AL40 -> 3364.09 | AM39: 0 | AN39: =ROUND(Volume!AM42*'rt2'!AN$756,2)-AN40 -> 3356.52 | AO39: 0 | AP39: =ROUND(Volume!AO42*'rt2'!AP$756,2)-AP40 -> 3514.52 | AQ39: 0 | AR39: =ROUND(Volume!AQ42*'rt2'!AR$756,2)-AR40 -> 3396.53 | AS39: 0 | AT39: =ROUND(Volume!AS42*'rt2'!AT$756,2)-AT40 -> 4014.32 | AU39: 0 | AV39: =ROUND(Volume!AU42*'rt2'!AV$756,2)-AV40 -> 4750.2 | AW39: 0 | AX39: =ROUND(Volume!AW42*'rt2'!AX$756,2)-AX40 -> 3601.09 | AY39: 0 | AZ39: =ROUND(Volume!AY42*'rt2'!AZ$756,2)-AZ40 -> 3662.65 | BA39: 0 | BB39: =SUM(AD39:BA39) -> 38953.95 | BC39: =SUM(F39:AC39) -> 32648.33
A40: FLEX | B40: 250117 | C40: DOMESTIC LINEN SUPPLY | D40: Gas Cost | F40: =ROUND(Volume!E42*'rt2'!F$757,2) -> 3704.02 | H40: =ROUND(Volume!G42*'rt2'!H$757,2) -> 3053.5 | J40: =ROUND(Volume!I42*'rt2'!J$757,2) -> 2591.82 | L40: =ROUND(Volume!K42*'rt2'!L$757,2) -> 2628.23 | N40: =ROUND(Volume!M42*'rt2'!N$757,2) -> 2525.91 | P40: =ROUND(Volume!O42*'rt2'!P$757,2) -> 3046.99 | R40: =ROUND(Volume!Q42*'rt2'!R$757,2) -> 3299.67 | T40: =ROUND(Volume!S42*'rt2'!T$757,2) -> 3001.01 | V40: =ROUND(Volume!U42*'rt2'!V$757,2) -> 3253.87 | X40: =ROUND(Volume!W42*'rt2'!X$757,2) -> 3046.74 | Z40: =ROUND(Volume!Y42*'rt2'!Z$757,2) -> 3271.97 | AB40: =ROUND(Volume!AA42*'rt2'!AB$757,2) -> 3194.42 | AD40: =ROUND(Volume!AC42*'rt2'!AD$757,2) -> 3013.24 | AF40: =ROUND(Volume!AE42*'rt2'!AF$757,2) -> 2763.07 | AH40: =ROUND(Volume!AG42*'rt2'!AH$757,2) -> 3382.68 | AJ40: =ROUND(Volume!AI42*'rt2'!AJ$757,2) -> 3006.08 | AL40: =ROUND(Volume!AK42*'rt2'!AL$757,2) -> 3393.29 | AN40: =ROUND(Volume!AM42*'rt2'!AN$757,2) -> 2983.19 | AP40: =ROUND(Volume!AO42*'rt2'!AP$757,2) -> 3212.84 | AR40: =ROUND(Volume!AQ42*'rt2'!AR$757,2) -> 2663.47 | AT40: =ROUND(Volume!AS42*'rt2'!AT$757,2) -> 2515.25 | AV40: =ROUND(Volume!AU42*'rt2'!AV$757,2) -> 2591.57 | AX40: =ROUND(Volume!AW42*'rt2'!AX$757,2) -> 1967.81 | AZ40: =ROUND(Volume!AY42*'rt2'!AZ$757,2) -> 1843.13 | BB40: =SUM(AD40:BA40) -> 33335.62 | BC40: =SUM(F40:AC40) -> 36618.15
A41: FLEX | B41: 250117 | C41: DOMESTIC LINEN SUPPLY | D41: Tax | E41: TXIN | F41: 212.93 | G41: 0 | H41: 187.38 | I41: 0 | J41: 195.05 | K41: 0 | L41: 192.62 | M41: 0 | N41: 200.4 | O41: 0 | P41: 195.35 | Q41: 0 | R41: 201.6 | S41: 0 | T41: 193.8 | U41: 0 | V41: 199.26 | W41: 0 | X41: 205.13 | Y41: 0 | Z41: 201.98 | AA41: 0 | AB41: 198.02 | AC41: 0 | AD41: 194.24 | AE41: 0 | AF41: 187.51 | AG41: 0 | AH41: 202.48 | AI41: 0 | AJ41: 203.05 | AK41: 0 | AL41: 216.5 | AM41: 0 | AN41: 210.54 | AO41: 0 | AP41: 222.24 | AQ41: 0 | AR41: 212.1 | AS41: 0 | AT41: 219.24 | AU41: 0 | AV41: 231.58 | AW41: 0 | AX41: 217.11 | AY41: 0 | AZ41: 216.01 | BA41: 0 | BB41: =SUM(AD41:BA41) -> 2532.6 | BC41: =SUM(F41:AC41) -> 2383.52
BB42: =SUM(AD42:BA42) -> 0 | BC42: =SUM(F42:AC42) -> 0
A43: FLEX | B43: 250493 | C43: BANK OF AMERICA | D43: Margin | E43: GFS2 | F43: =ROUND(Volume!E46*'rt2'!F$758,2)-F44 -> 0 | G43: 0 | H43: =ROUND(Volume!G46*'rt2'!H$758,2)-H44 -> 0 | I43: 0 | J43: =ROUND(Volume!I46*'rt2'!J$758,2)-J44 -> 29.05 | K43: 0 | L43: =ROUND(Volume!K46*'rt2'!L$758,2)-L44 -> 2586.75 | M43: 0 | N43: =ROUND(Volume!M46*'rt2'!N$758,2)-N44 -> 4069.67 | O43: 0 | P43: =ROUND(Volume!O46*'rt2'!P$758,2)-P44 -> 11265.43 | Q43: 0 | R43: =ROUND(Volume!Q46*'rt2'!R$758,2)-R44 -> 10512.06 | S43: 0 | T43: =ROUND(Volume!S46*'rt2'!T$758,2)-T44 -> 6783.77 | U43: 0 | V43: =ROUND(Volume!U46*'rt2'!V$758,2)-V44 -> 4990.87 | W43: 0 | X43: =ROUND(Volume!W46*'rt2'!X$758,2)-X44 -> 1833.69 | Y43: 0 | Z43: =ROUND(Volume!Y46*'rt2'!Z$758,2)-Z44 -> 1045.02 | AA43: 0 | AB43: =ROUND(Volume!AA46*'rt2'!AB$758,2)-AB44 -> 13.24 | AC43: 0 | AD43: =ROUND(Volume!AC46*'rt2'!AD$758,2)-AD44 -> 0 | AE43: 0 | AF43: =ROUND(Volume!AE46*'rt2'!AF$758,2)-AF44 -> 0 | AG43: 0 | AH43: =ROUND(Volume!AG46*'rt2'!AH$758,2)-AH44 -> 260.61 | AI43: 0 | AJ43: =ROUND(Volume!AI46*'rt2'!AJ$758,2)-AJ44 -> 1683.29 | AK43: 0 | AL43: =ROUND(Volume!AK46*'rt2'!AL$758,2)-AL44 -> 4256.85 | AM43: 0 | AN43: =ROUND(Volume!AM46*'rt2'!AN$758,2)-AN44 -> 6166.17 | AO43: 0 | AP43: =ROUND(Volume!AO46*'rt2'!AP$758,2)-AP44 -> 8837 | AQ43: 0 | AR43: =ROUND(Volume!AQ46*'rt2'!AR$758,2)-AR44 -> 8002.78 | AS43: 0 | AT43: =ROUND(Volume!AS46*'rt2'!AT$758,2)-AT44 -> 4595.02 | AU43: 0 | AV43: =ROUND(Volume!AU46*'rt2'!AV$758,2)-AV44 -> 2883.95 | AW43: 0 | AX43: =ROUND(Volume!AW46*'rt2'!AX$758,2)-AX44 -> 1150.45 | AY43: 0 | AZ43: =ROUND(Volume!AY46*'rt2'!AZ$758,2)-AZ44 -> 500.53 | BA43: 0 | BB43: =SUM(AD43:BA43) -> 38336.65 | BC43: =SUM(F43:AC43) -> 43129.55
A44: FLEX | B44: 250493 | C44: BANK OF AMERICA | D44: Gas Cost | F44: =ROUND(Volume!E46*'rt2'!F$759,2) -> 0 | H44: =ROUND(Volume!G46*'rt2'!H$759,2) -> 0 | J44: =ROUND(Volume!I46*'rt2'!J$759,2) -> 26.13 | L44: =ROUND(Volume!K46*'rt2'!L$759,2) -> 1805.28 | N44: =ROUND(Volume!M46*'rt2'!N$759,2) -> 5044.5 | P44: =ROUND(Volume!O46*'rt2'!P$759,2) -> 13963.9 | R44: =ROUND(Volume!Q46*'rt2'!R$759,2) -> 13194.64 | T44: =ROUND(Volume!S46*'rt2'!T$759,2) -> 8701.93 | V44: =ROUND(Volume!U46*'rt2'!V$759,2) -> 5337.41 | X44: =ROUND(Volume!W46*'rt2'!X$759,2) -> 2494.01 | Z44: =ROUND(Volume!Y46*'rt2'!Z$759,2) -> 1511.44 | AB44: =ROUND(Volume!AA46*'rt2'!AB$759,2) -> 18.73 | AD44: =ROUND(Volume!AC46*'rt2'!AD$759,2) -> 0 | AF44: =ROUND(Volume!AE46*'rt2'!AF$759,2) -> 0 | AH44: =ROUND(Volume!AG46*'rt2'!AH$759,2) -> 278.89 | AJ44: =ROUND(Volume!AI46*'rt2'!AJ$759,2) -> 1697.89 | AL44: =ROUND(Volume!AK46*'rt2'!AL$759,2) -> 3783.39 | AN44: =ROUND(Volume!AM46*'rt2'!AN$759,2) -> 5636.89 | AP44: =ROUND(Volume!AO46*'rt2'!AP$759,2) -> 6929.74 | AR44: =ROUND(Volume!AQ46*'rt2'!AR$759,2) -> 5014.3 | AT44: =ROUND(Volume!AS46*'rt2'!AT$759,2) -> 2506.91 | AV44: =ROUND(Volume!AU46*'rt2'!AV$759,2) -> 1575.92 | AX44: =ROUND(Volume!AW46*'rt2'!AX$759,2) -> 578.93 | AZ44: =ROUND(Volume!AY46*'rt2'!AZ$759,2) -> 322.81 | BB44: =SUM(AD44:BA44) -> 28325.67 | BC44: =SUM(F44:AC44) -> 52097.97
A45: FLEX | B45: 250493 | C45: BANK OF AMERICA | D45: Minimum | E45: + | F45: =IF(378>(F43+F44),378-(F43+F44),0) -> 378 | H45: =IF(378>(H43+H44),378-(H43+H44),0) -> 378 | J45: =IF(378>(J43+J44),378-(J43+J44),0) -> 322.82 | L45: =IF(378>(L43+L44),378-(L43+L44),0) -> 0 | N45: =IF(378>(N43+N44),378-(N43+N44),0) -> 0 | P45: =IF(378>(P43+P44),378-(P43+P44),0) -> 0 | R45: =IF(378>(R43+R44),378-(R43+R44),0) -> 0 | T45: =IF(378>(T43+T44),378-(T43+T44),0) -> 0 | V45: =IF(378>(V43+V44),378-(V43+V44),0) -> 0 | X45: =IF(378>(X43+X44),378-(X43+X44),0) -> 0 | Z45: =IF(378>(Z43+Z44),378-(Z43+Z44),0) -> 0 | AB45: =IF(378>(AB43+AB44),378-(AB43+AB44),0) -> 346.03 | AD45: =IF(378>(AD43+AD44),378-(AD43+AD44),0) -> 378 | AF45: =IF(378>(AF43+AF44),378-(AF43+AF44),0) -> 378 | AH45: =IF(378>(AH43+AH44),378-(AH43+AH44),0) -> 0 | AJ45: =IF(378>(AJ43+AJ44),378-(AJ43+AJ44),0) -> 0 | AL45: =IF(378>(AL43+AL44),378-(AL43+AL44),0) -> 0 | AN45: =IF(378>(AN43+AN44),378-(AN43+AN44),0) -> 0 | AP45: =IF(378>(AP43+AP44),378-(AP43+AP44),0) -> 0 | AR45: =IF(378>(AR43+AR44),378-(AR43+AR44),0) -> 0 | AT45: =IF(378>(AT43+AT44),378-(AT43+AT44),0) -> 0 | AV45: =IF(378>(AV43+AV44),378-(AV43+AV44),0) -> 0 | AX45: =IF(378>(AX43+AX44),378-(AX43+AX44),0) -> 0 | AZ45: =IF(378>(AZ43+AZ44),378-(AZ43+AZ44),0) -> 0 | BB45: =SUM(AD45:BA45) -> 756 | BC45: =SUM(F45:AC45) -> 1424.85
BB46: =SUM(AD46:BA46) -> 0 | BC46: =SUM(F46:AC46) -> 0
A47: FLEX | B47: 250494 | C47: CITY OF RICHMOND - GENERAL SER | D47: Margin | E47: GFM2 | F47: =ROUND(Volume!E50*'rt2'!F$756,2)-F48 -> 3030.49 | G47: 0 | H47: =ROUND(Volume!G50*'rt2'!H$756,2)-H48 -> 984.05 | I47: 0 | J47: =ROUND(Volume!I50*'rt2'!J$756,2)-J48 -> 2266.26 | K47: 0 | L47: =ROUND(Volume!K50*'rt2'!L$756,2)-L48 -> 9811.03 | M47: 0 | N47: =ROUND(Volume!M50*'rt2'!N$756,2)-N48 -> 23107.54 | O47: 0 | P47: =ROUND(Volume!O50*'rt2'!P$756,2)-P48 -> 23187.97 | Q47: 0 | R47: =ROUND(Volume!Q50*'rt2'!R$756,2)-R48 -> 25466.61 | S47: 0 | T47: =ROUND(Volume!S50*'rt2'!T$756,2)-T48 -> 22366.02 | U47: 0 | V47: =ROUND(Volume!U50*'rt2'!V$756,2)-V48 -> 19051.75 | W47: 0 | X47: =ROUND(Volume!W50*'rt2'!X$756,2)-X48 -> 18542.81 | Y47: 0 | Z47: =ROUND(Volume!Y50*'rt2'!Z$756,2)-Z48 -> 10995.89 | AA47: 0 | AB47: =ROUND(Volume!AA50*'rt2'!AB$756,2)-AB48 -> 4998.28 | AC47: 0 | AD47: =ROUND(Volume!AC50*'rt2'!AD$756,2)-AD48 -> 3491.3 | AE47: 0 | AF47: =ROUND(Volume!AE50*'rt2'!AF$756,2)-AF48 -> 2626.4 | AG47: 0 | AH47: =ROUND(Volume!AG50*'rt2'!AH$756,2)-AH48 -> 3139.41 | AI47: 0 | AJ47: =ROUND(Volume!AI50*'rt2'!AJ$756,2)-AJ48 -> 8356.28 | AK47: 0 | AL47: =ROUND(Volume!AK50*'rt2'!AL$756,2)-AL48 -> 20830.24 | AM47: 0 | AN47: =ROUND(Volume!AM50*'rt2'!AN$756,2)-AN48 -> 21522.93 | AO47: 0 | AP47: =ROUND(Volume!AO50*'rt2'!AP$756,2)-AP48 -> 26077.57 | AQ47: 0 | AR47: =ROUND(Volume!AQ50*'rt2'!AR$756,2)-AR48 -> 23529.56 | AS47: 0 | AT47: =ROUND(Volume!AS50*'rt2'!AT$756,2)-AT48 -> 24129.48 | AU47: 0 | AV47: =ROUND(Volume!AU50*'rt2'!AV$756,2)-AV48 -> 17529.61 | AW47: 0 | AX47: =ROUND(Volume!AW50*'rt2'!AX$756,2)-AX48 -> 10891.06 | AY47: 0 | AZ47: =ROUND(Volume!AY50*'rt2'!AZ$756,2)-AZ48 -> 0 | BA47: 0 | BB47: =SUM(AD47:BA47) -> 162123.84 | BC47: =SUM(F47:AC47) -> 163808.7
A48: FLEX | B48: 250494 | C48: CITY OF RICHMOND - GENERAL SER | D48: Gas Cost | F48: =ROUND(Volume!E50*'rt2'!F$757,2) -> 3346.45 | H48: =ROUND(Volume!G50*'rt2'!H$757,2) -> 1433.15 | J48: =ROUND(Volume!I50*'rt2'!J$757,2) -> 1867.94 | L48: =ROUND(Volume!K50*'rt2'!L$757,2) -> 8822.74 | N48: =ROUND(Volume!M50*'rt2'!N$757,2) -> 16126.7 | P48: =ROUND(Volume!O50*'rt2'!P$757,2) -> 28742.31 | R48: =ROUND(Volume!Q50*'rt2'!R$757,2) -> 31566.77 | T48: =ROUND(Volume!S50*'rt2'!T$757,2) -> 28073.62 | V48: =ROUND(Volume!U50*'rt2'!V$757,2) -> 24438.78 | X48: =ROUND(Volume!W50*'rt2'!X$757,2) -> 19830.28 | Z48: =ROUND(Volume!Y50*'rt2'!Z$757,2) -> 14955.55 | AB48: =ROUND(Volume!AA50*'rt2'!AB$757,2) -> 7229.11 | AD48: =ROUND(Volume!AC50*'rt2'!AD$757,2) -> 4942.8 | AF48: =ROUND(Volume!AE50*'rt2'!AF$757,2) -> 3695.08 | AH48: =ROUND(Volume!AG50*'rt2'!AH$757,2) -> 4438.41 | AJ48: =ROUND(Volume!AI50*'rt2'!AJ$757,2) -> 8942.42 | AL48: =ROUND(Volume!AK50*'rt2'!AL$757,2) -> 21011 | AN48: =ROUND(Volume!AM50*'rt2'!AN$757,2) -> 19129.1 | AP48: =ROUND(Volume!AO50*'rt2'!AP$757,2) -> 23839.16 | AR48: =ROUND(Volume!AQ50*'rt2'!AR$757,2) -> 18451.24 | AT48: =ROUND(Volume!AS50*'rt2'!AT$757,2) -> 15118.79 | AV48: =ROUND(Volume!AU50*'rt2'!AV$757,2) -> 9563.62 | AX48: =ROUND(Volume!AW50*'rt2'!AX$757,2) -> 5951.38 | AZ48: =ROUND(Volume!AY50*'rt2'!AZ$757,2) -> 0 | BB48: =SUM(AD48:BA48) -> 135083 | BC48: =SUM(F48:AC48) -> 186433.4
A49: FLEX | B49: 250494 | C49: CITY OF RICHMOND - GENERAL SER | D49: Minimum | E49: - | F49: =IF(378>(F47+F48),378-(F47+F48),0) -> 0 | H49: =IF(378>(H47+H48),378-(H47+H48),0) -> 0 | J49: =IF(378>(J47+J48),378-(J47+J48),0) -> 0 | L49: =IF(378>(L47+L48),378-(L47+L48),0) -> 0 | N49: =IF(378>(N47+N48),378-(N47+N48),0) -> 0 | P49: =IF(378>(P47+P48),378-(P47+P48),0) -> 0 | R49: =IF(378>(R47+R48),378-(R47+R48),0) -> 0 | T49: =IF(378>(T47+T48),378-(T47+T48),0) -> 0 | V49: =IF(378>(V47+V48),378-(V47+V48),0) -> 0 | X49: =IF(378>(X47+X48),378-(X47+X48),0) -> 0 | Z49: =IF(378>(Z47+Z48),378-(Z47+Z48),0) -> 0 | AB49: =IF(378>(AB47+AB48),378-(AB47+AB48),0) -> 0 | AD49: =IF(378>(AD47+AD48),378-(AD47+AD48),0) -> 0 | AF49: =IF(378>(AF47+AF48),378-(AF47+AF48),0) -> 0 | AH49: =IF(378>(AH47+AH48),378-(AH47+AH48),0) -> 0 | AJ49: =IF(378>(AJ47+AJ48),378-(AJ47+AJ48),0) -> 0 | AL49: =IF(378>(AL47+AL48),378-(AL47+AL48),0) -> 0 | AN49: =IF(378>(AN47+AN48),378-(AN47+AN48),0) -> 0 | AP49: =IF(378>(AP47+AP48),378-(AP47+AP48),0) -> 0 | AR49: =IF(378>(AR47+AR48),378-(AR47+AR48),0) -> 0 | AT49: =IF(378>(AT47+AT48),378-(AT47+AT48),0) -> 0 | AV49: =IF(378>(AV47+AV48),378-(AV47+AV48),0) -> 0 | AX49: =IF(378>(AX47+AX48),378-(AX47+AX48),0) -> 0 | AZ49: =IF(378>(AZ47+AZ48),378-(AZ47+AZ48),0) -> 378 | BB49: =SUM(AD49:BA49) -> 378 | BC49: =SUM(F49:AC49) -> 0
BB50: =SUM(AD50:BA50) -> 0 | BC50: =SUM(F50:AC50) -> 0
A51: FLEX | B51: 250494 | C51: CITY OF RICHMOND - GENERAL SER | D51: Margin | E51: GFPW | F51: 0 | G51: 0 | H51: 0 | I51: 0 | J51: 0 | K51: 0 | L51: 0 | M51: 0 | N51: 0 | O51: 0 | P51: 0 | Q51: 0 | R51: 0 | S51: 0 | T51: 0 | U51: 0 | V51: =6139.95-V52 -> 5032.74 | W51: 0 | X51: 0 | Y51: 0 | Z51: =145879.28-Z52 -> 134417.76 | AA51: 0 | AB51: =32652.71-AB52 -> 26285.19 | AC51: 0 | AD51: =27897.77-AD52 -> 22112.46 | AE51: 0 | AF51: =41588.97-AF52 -> 33348.02 | AG51: -15532.44 | AH51: =25374.15-AH52 -> 20923.07 | AI51: -1899.66 | AJ51: =27270.98-AJ52 -> 22182.71 | AK51: 0 | AL51: =33612.34-AL52 -> 28142.37 | AM51: -1245.51 | AN51: =34064.16-AN52 -> 28680.91 | AO51: 0 | AP51: =31384.17-AP52 -> 26722.93 | AQ51: 0 | AR51: =29195.32-AR52 -> 25537.19 | AS51: 0 | AT51: =34403.63-AT52 -> 30675.43 | AU51: -1336.58 | AV51: =30605.14-AV52 -> 27729.1 | AW51: 17763.67 | AX51: =41757.46-AX52 -> 38040.99 | AY51: 0 | AZ51: =25868.61-AZ52 -> 22675.06 | BA51: -2441.2 | BB51: =SUM(AD51:BA51) -> 322078.52 | BC51: =SUM(F51:AC51) -> 165735.69
A52: FLEX | B52: 250494 | C52: CITY OF RICHMOND - GENERAL SER | D52: Gas Cost | E52: CalcCost | F52: =ROUND(Volume!E55*'rt2'!F$759,2) -> 0 | H52: =ROUND(Volume!G55*'rt2'!H$759,2) -> 0 | J52: =ROUND(Volume!I55*'rt2'!J$759,2) -> 0 | L52: =ROUND(Volume!K55*'rt2'!L$759,2) -> 0 | N52: =ROUND(Volume!M55*'rt2'!N$759,2) -> 0 | P52: =ROUND(Volume!O55*'rt2'!P$759,2) -> 0 | R52: =ROUND(Volume!Q55*'rt2'!R$759,2) -> 0 | T52: =ROUND(Volume!S55*'rt2'!T$759,2) -> 0 | V52: =ROUND(Volume!U55*'rt2'!V$759,2) -> 1107.21 | X52: =ROUND(Volume!W55*'rt2'!X$759,2) -> 0 | Z52: =ROUND(Volume!Y55*'rt2'!Z$759,2) -> 11461.52 | AB52: =ROUND(Volume!AA55*'rt2'!AB$759,2) -> 6367.52 | AD52: =ROUND(Volume!AC55*'rt2'!AD$759,2) -> 5785.31 | AF52: =ROUND(Volume!AE55*'rt2'!AF$759,2) -> 8240.95 | AH52: =ROUND(Volume!AG55*'rt2'!AH$759,2) -> 4451.08 | AJ52: =ROUND(Volume!AI55*'rt2'!AJ$759,2) -> 5088.27 | AL52: =ROUND(Volume!AK55*'rt2'!AL$759,2) -> 5469.97 | AN52: =ROUND(Volume!AM55*'rt2'!AN$759,2) -> 5383.25 | AP52: =ROUND(Volume!AO55*'rt2'!AP$759,2) -> 4661.24 | AR52: =ROUND(Volume!AQ55*'rt2'!AR$759,2) -> 3658.13 | AT52: =ROUND(Volume!AS55*'rt2'!AT$759,2) -> 3728.2 | AV52: =ROUND(Volume!AU55*'rt2'!AV$759,2) -> 2876.04 | AX52: =ROUND(Volume!AW55*'rt2'!AX$759,2) -> 3716.47 | AZ52: =ROUND(Volume!AY55*'rt2'!AZ$759,2) -> 3193.55 | BB52: =SUM(AD52:BA52) -> 56252.46 | BC52: =SUM(F52:AC52) -> 18936.25
A53: FLEX | B53: 250494 | C53: CITY OF RICHMOND - GENERAL SER | D53: Tax | E53: TXCL | F53: 0 | G53: 0 | H53: 0 | I53: 0 | J53: 0 | K53: 0 | L53: 0 | M53: 0 | N53: 0 | O53: 0 | P53: 0 | Q53: 0 | R53: 0 | S53: 0 | T53: 0 | U53: 0 | V53: 0 | W53: 0 | X53: 0 | Y53: 0 | Z53: 0 | AA53: 0 | AB53: 0 | AC53: 0 | AD53: 0 | AE53: 0 | AF53: 0 | AG53: 0 | AH53: 0 | AI53: 0 | AJ53: 0 | AK53: 0 | AL53: 0 | AM53: 0 | AN53: 0 | AO53: 0 | AP53: 0 | AQ53: 0 | AR53: 0 | AS53: 0 | AT53: 0 | AU53: 0 | AV53: 0 | AW53: 0 | AX53: 0 | AY53: 0 | AZ53: 0 | BA53: 0 | BB53: =SUM(AD53:BA53) -> 0 | BC53: =SUM(F53:AC53) -> 0
BB54: =SUM(AD54:BA54) -> 0 | BC54: =SUM(F54:AC54) -> 0
A55: FLEX | B55: 251024 | C55: THE PRESTWOULD | D55: Margin | E55: GFS4 | F55: =ROUND(Volume!E59*'rt2'!F$756,2)-F56 -> 0 | G55: 0 | H55: =ROUND(Volume!G59*'rt2'!H$756,2)-H56 -> 0 | I55: 0 | J55: =ROUND(Volume!I59*'rt2'!J$756,2)-J56 -> 3.97 | K55: 0 | L55: =ROUND(Volume!K59*'rt2'!L$756,2)-L56 -> 9.52 | M55: 0 | N55: =ROUND(Volume!M59*'rt2'!N$756,2)-N56 -> 1740.12 | O55: 0 | P55: =ROUND(Volume!O59*'rt2'!P$756,2)-P56 -> 3728.76 | Q55: 0 | R55: =ROUND(Volume!Q59*'rt2'!R$756,2)-R56 -> 4844.53 | S55: 0 | T55: =ROUND(Volume!S59*'rt2'!T$756,2)-T56 -> 3707.48 | U55: 0 | V55: =ROUND(Volume!U59*'rt2'!V$756,2)-V56 -> 1956.35 | W55: 0 | X55: =ROUND(Volume!W59*'rt2'!X$756,2)-X56 -> 1647.25 | Y55: 0 | Z55: =ROUND(Volume!Y59*'rt2'!Z$756,2)-Z56 -> 71.2 | AA55: 0 | AB55: =ROUND(Volume!AA59*'rt2'!AB$756,2)-AB56 -> 0 | AC55: 0 | AD55: =ROUND(Volume!AC59*'rt2'!AD$756,2)-AD56 -> 0 | AE55: 0 | AF55: =ROUND(Volume!AE59*'rt2'!AF$756,2)-AF56 -> 0 | AG55: 0 | AH55: =ROUND(Volume!AG59*'rt2'!AH$756,2)-AH56 -> 0 | AI55: 0 | AJ55: =ROUND(Volume!AI59*'rt2'!AJ$756,2)-AJ56 -> 118.49 | AK55: 0 | AL55: =ROUND(Volume!AK59*'rt2'!AL$756,2)-AL56 -> 1412.23 | AM55: 0 | AN55: =ROUND(Volume!AM59*'rt2'!AN$756,2)-AN56 -> 2552.7 | AO55: 0 | AP55: =ROUND(Volume!AO59*'rt2'!AP$756,2)-AP56 -> 3694.34 | AQ55: 0 | AR55: =ROUND(Volume!AQ59*'rt2'!AR$756,2)-AR56 -> 3310.11 | AS55: 0 | AT55: =ROUND(Volume!AS59*'rt2'!AT$756,2)-AT56 -> 2339.65 | AU55: 0 | AV55: =ROUND(Volume!AU59*'rt2'!AV$756,2)-AV56 -> 852 | AW55: 0 | AX55: =ROUND(Volume!AW59*'rt2'!AX$756,2)-AX56 -> 563.98 | AY55: 0 | AZ55: =ROUND(Volume!AY59*'rt2'!AZ$756,2)-AZ56 -> 12.2 | BA55: 0 | BB55: =SUM(AD55:BA55) -> 14855.7 | BC55: =SUM(F55:AC55) -> 17709.18
A56: FLEX | B56: 251024 | C56: THE PRESTWOULD | D56: Gas Cost | F56: =ROUND(Volume!E59*'rt2'!F$757,2) -> 0 | H56: =ROUND(Volume!G59*'rt2'!H$757,2) -> 0 | J56: =ROUND(Volume!I59*'rt2'!J$757,2) -> 3.27 | L56: =ROUND(Volume!K59*'rt2'!L$757,2) -> 8.57 | N56: =ROUND(Volume!M59*'rt2'!N$757,2) -> 1214.43 | P56: =ROUND(Volume!O59*'rt2'!P$757,2) -> 4621.93 | R56: =ROUND(Volume!Q59*'rt2'!R$757,2) -> 6004.97 | T56: =ROUND(Volume!S59*'rt2'!T$757,2) -> 4653.59 | V56: =ROUND(Volume!U59*'rt2'!V$757,2) -> 2509.52 | X56: =ROUND(Volume!W59*'rt2'!X$757,2) -> 1761.63 | Z56: =ROUND(Volume!Y59*'rt2'!Z$757,2) -> 96.83 | AB56: =ROUND(Volume!AA59*'rt2'!AB$757,2) -> 0 | AD56: =ROUND(Volume!AC59*'rt2'!AD$757,2) -> 0 | AF56: =ROUND(Volume!AE59*'rt2'!AF$757,2) -> 0 | AH56: =ROUND(Volume!AG59*'rt2'!AH$757,2) -> 0 | AJ56: =ROUND(Volume!AI59*'rt2'!AJ$757,2) -> 126.81 | AL56: =ROUND(Volume!AK59*'rt2'!AL$757,2) -> 1424.48 | AN56: =ROUND(Volume!AM59*'rt2'!AN$757,2) -> 2268.79 | AP56: =ROUND(Volume!AO59*'rt2'!AP$757,2) -> 3377.22 | AR56: =ROUND(Volume!AQ59*'rt2'!AR$757,2) -> 2595.7 | AT56: =ROUND(Volume!AS59*'rt2'!AT$757,2) -> 1465.95 | AV56: =ROUND(Volume!AU59*'rt2'!AV$757,2) -> 464.82 | AX56: =ROUND(Volume!AW59*'rt2'!AX$757,2) -> 308.18 | AZ56: =ROUND(Volume!AY59*'rt2'!AZ$757,2) -> 6.13 | BB56: =SUM(AD56:BA56) -> 12038.08 | BC56: =SUM(F56:AC56) -> 20874.74
A57: FLEX | B57: 251024 | C57: THE PRESTWOULD | D57: Minimum | E57: - | F57: =IF(378>(F55+F56),378-(F55+F56),0) -> 378 | H57: =IF(378>(H55+H56),378-(H55+H56),0) -> 378 | J57: =IF(378>(J55+J56),378-(J55+J56),0) -> 370.76 | L57: =IF(378>(L55+L56),378-(L55+L56),0) -> 359.91 | N57: =IF(378>(N55+N56),378-(N55+N56),0) -> 0 | P57: =IF(378>(P55+P56),378-(P55+P56),0) -> 0 | R57: =IF(378>(R55+R56),378-(R55+R56),0) -> 0 | T57: =IF(378>(T55+T56),378-(T55+T56),0) -> 0 | V57: =IF(378>(V55+V56),378-(V55+V56),0) -> 0 | X57: =IF(378>(X55+X56),378-(X55+X56),0) -> 0 | Z57: =IF(378>(Z55+Z56),378-(Z55+Z56),0) -> 209.97 | AB57: =IF(378>(AB55+AB56),378-(AB55+AB56),0) -> 378 | AD57: =IF(378>(AD55+AD56),378-(AD55+AD56),0) -> 378 | AF57: =IF(378>(AF55+AF56),378-(AF55+AF56),0) -> 378 | AH57: =IF(378>(AH55+AH56),378-(AH55+AH56),0) -> 378 | AJ57: =IF(378>(AJ55+AJ56),378-(AJ55+AJ56),0) -> 132.7 | AL57: =IF(378>(AL55+AL56),378-(AL55+AL56),0) -> 0 | AN57: =IF(378>(AN55+AN56),378-(AN55+AN56),0) -> 0 | AP57: =IF(378>(AP55+AP56),378-(AP55+AP56),0) -> 0 | AR57: =IF(378>(AR55+AR56),378-(AR55+AR56),0) -> 0 | AT57: =IF(378>(AT55+AT56),378-(AT55+AT56),0) -> 0 | AV57: =IF(378>(AV55+AV56),378-(AV55+AV56),0) -> 0 | AX57: =IF(378>(AX55+AX56),378-(AX55+AX56),0) -> 0 | AZ57: =IF(378>(AZ55+AZ56),378-(AZ55+AZ56),0) -> 359.67 | BB57: =SUM(AD57:BA57) -> 1626.37 | BC57: =SUM(F57:AC57) -> 2074.64
A58: FLEX | B58: 251024 | C58: THE PRESTWOULD | D58: Tax | E58: TXIN | F58: 120 | G58: 0 | H58: 120 | I58: 0 | J58: 120.09 | K58: 0 | L58: 120.24 | M58: 0 | N58: 158.65 | O58: 0 | P58: 234.3 | Q58: 0 | R58: 268.51 | S58: 0 | T58: 234.44 | U58: 0 | V58: 181.13 | W58: 0 | X58: 169.22 | Y58: 0 | Z58: 122.43 | AA58: 0 | AB58: 120 | AC58: 0 | AD58: 120 | AE58: 0 | AF58: 120 | AG58: 0 | AH58: 120 | AI58: 0 | AJ58: 123.5 | AK58: 0 | AL58: 160.51 | AM58: 0 | AN58: 188.86 | AO58: 0 | AP58: 227.47 | AQ58: 0 | AR58: 209.76 | AS58: 0 | AT58: 177.84 | AU58: 0 | AV58: 140.01 | AW58: 0 | AX58: 135.21 | AY58: 0 | AZ58: 120.32 | BA58: 0 | BB58: =SUM(AD58:BA58) -> 1843.48 | BC58: =SUM(F58:AC58) -> 1969.01
BB59: =SUM(AD59:BA59) -> 0 | BC59: =SUM(F59:AC59) -> 0
A60: FLEX | B60: 251027 | C60: THE VIRGINIA HOME | D60: Margin | E60: GFS2 | F60: =ROUND(Volume!E64*'rt2'!F$758,2)-F61 -> 0 | G60: 0 | H60: =ROUND(Volume!G64*'rt2'!H$758,2)-H61 -> 106.12 | I60: 0 | J60: =ROUND(Volume!I64*'rt2'!J$758,2)-J61 -> 0 | K60: 0 | L60: =ROUND(Volume!K64*'rt2'!L$758,2)-L61 -> 2835.56 | M60: 0 | N60: =ROUND(Volume!M64*'rt2'!N$758,2)-N61 -> 840.49 | O60: 0 | P60: =ROUND(Volume!O64*'rt2'!P$758,2)-P61 -> 4229.12 | Q60: 0 | R60: =ROUND(Volume!Q64*'rt2'!R$758,2)-R61 -> 3664.92 | S60: 0 | T60: =ROUND(Volume!S64*'rt2'!T$758,2)-T61 -> 2579.8 | U60: 0 | V60: =ROUND(Volume!U64*'rt2'!V$758,2)-V61 -> 2939.63 | W60: 0 | X60: =ROUND(Volume!W64*'rt2'!X$758,2)-X61 -> 1295.39 | Y60: 0 | Z60: =ROUND(Volume!Y64*'rt2'!Z$758,2)-Z61 -> 279.77 | AA60: 0 | AB60: =ROUND(Volume!AA64*'rt2'!AB$758,2)-AB61 -> 90.25 | AC60: 0 | AD60: =ROUND(Volume!AC64*'rt2'!AD$758,2)-AD61 -> 0 | AE60: 0 | AF60: =ROUND(Volume!AE64*'rt2'!AF$758,2)-AF61 -> 0 | AG60: 0 | AH60: =ROUND(Volume!AG64*'rt2'!AH$758,2)-AH61 -> 4.01 | AI60: 0 | AJ60: =ROUND(Volume!AI64*'rt2'!AJ$758,2)-AJ61 -> 1244.73 | AK60: 0 | AL60: =ROUND(Volume!AK64*'rt2'!AL$758,2)-AL61 -> 3009.45 | AM60: 0 | AN60: =ROUND(Volume!AM64*'rt2'!AN$758,2)-AN61 -> 3366.44 | AO60: 0 | AP60: =ROUND(Volume!AO64*'rt2'!AP$758,2)-AP61 -> 3492.56 | AQ60: 0 | AR60: =ROUND(Volume!AQ64*'rt2'!AR$758,2)-AR61 -> 3683.5 | AS60: 0 | AT60: =ROUND(Volume!AS64*'rt2'!AT$758,2)-AT61 -> 1813.32 | AU60: 0 | AV60: =ROUND(Volume!AU64*'rt2'!AV$758,2)-AV61 -> 1343.44 | AW60: 0 | AX60: =ROUND(Volume!AW64*'rt2'!AX$758,2)-AX61 -> 0 | AY60: 0 | AZ60: =ROUND(Volume!AY64*'rt2'!AZ$758,2)-AZ61 -> 0 | BA60: 0 | BB60: =SUM(AD60:BA60) -> 17957.45 | BC60: =SUM(F60:AC60) -> 18861.05
A61: FLEX | B61: 251027 | C61: THE VIRGINIA HOME | D61: Gas Cost | F61: =ROUND(Volume!E64*'rt2'!F$759,2) -> 0 | H61: =ROUND(Volume!G64*'rt2'!H$759,2) -> 87.47 | J61: =ROUND(Volume!I64*'rt2'!J$759,2) -> 0 | L61: =ROUND(Volume!K64*'rt2'!L$759,2) -> 1978.93 | N61: =ROUND(Volume!M64*'rt2'!N$759,2) -> 1041.83 | P61: =ROUND(Volume!O64*'rt2'!P$759,2) -> 5242.15 | R61: =ROUND(Volume!Q64*'rt2'!R$759,2) -> 4600.17 | T61: =ROUND(Volume!S64*'rt2'!T$759,2) -> 3309.26 | V61: =ROUND(Volume!U64*'rt2'!V$759,2) -> 3143.74 | X61: =ROUND(Volume!W64*'rt2'!X$759,2) -> 1761.87 | Z61: =ROUND(Volume!Y64*'rt2'!Z$759,2) -> 404.63 | AB61: =ROUND(Volume!AA64*'rt2'!AB$759,2) -> 127.77 | AD61: =ROUND(Volume!AC64*'rt2'!AD$759,2) -> 0 | AF61: =ROUND(Volume!AE64*'rt2'!AF$759,2) -> 0 | AH61: =ROUND(Volume!AG64*'rt2'!AH$759,2) -> 4.28 | AJ61: =ROUND(Volume!AI64*'rt2'!AJ$759,2) -> 1255.52 | AL61: =ROUND(Volume!AK64*'rt2'!AL$759,2) -> 2674.74 | AN61: =ROUND(Volume!AM64*'rt2'!AN$759,2) -> 3077.47 | AP61: =ROUND(Volume!AO64*'rt2'!AP$759,2) -> 2738.76 | AR61: =ROUND(Volume!AQ64*'rt2'!AR$759,2) -> 2307.97 | AT61: =ROUND(Volume!AS64*'rt2'!AT$759,2) -> 989.29 | AV61: =ROUND(Volume!AU64*'rt2'!AV$759,2) -> 734.12 | AX61: =ROUND(Volume!AW64*'rt2'!AX$759,2) -> 0 | AZ61: =ROUND(Volume!AY64*'rt2'!AZ$759,2) -> 0 | BB61: =SUM(AD61:BA61) -> 13782.15 | BC61: =SUM(F61:AC61) -> 21697.82
A62: FLEX | B62: 251027 | C62: THE VIRGINIA HOME | D62: Minimum | E62: + | F62: =IF(378>(F60+F61),378-(F60+F61),0) -> 378 | H62: =IF(378>(H60+H61),378-(H60+H61),0) -> 184.41 | J62: =IF(378>(J60+J61),378-(J60+J61),0) -> 378 | L62: =IF(378>(L60+L61),378-(L60+L61),0) -> 0 | N62: =IF(378>(N60+N61),378-(N60+N61),0) -> 0 | P62: =IF(378>(P60+P61),378-(P60+P61),0) -> 0 | R62: =IF(378>(R60+R61),378-(R60+R61),0) -> 0 | T62: =IF(378>(T60+T61),378-(T60+T61),0) -> 0 | V62: =IF(378>(V60+V61),378-(V60+V61),0) -> 0 | X62: =IF(378>(X60+X61),378-(X60+X61),0) -> 0 | Z62: =IF(378>(Z60+Z61),378-(Z60+Z61),0) -> 0 | AB62: =IF(378>(AB60+AB61),378-(AB60+AB61),0) -> 159.98 | AD62: =IF(378>(AD60+AD61),378-(AD60+AD61),0) -> 378 | AF62: =IF(378>(AF60+AF61),378-(AF60+AF61),0) -> 378 | AH62: =IF(378>(AH60+AH61),378-(AH60+AH61),0) -> 369.71 | AJ62: =IF(378>(AJ60+AJ61),378-(AJ60+AJ61),0) -> 0 | AL62: =IF(378>(AL60+AL61),378-(AL60+AL61),0) -> 0 | AN62: =IF(378>(AN60+AN61),378-(AN60+AN61),0) -> 0 | AP62: =IF(378>(AP60+AP61),378-(AP60+AP61),0) -> 0 | AR62: =IF(378>(AR60+AR61),378-(AR60+AR61),0) -> 0 | AT62: =IF(378>(AT60+AT61),378-(AT60+AT61),0) -> 0 | AV62: =IF(378>(AV60+AV61),378-(AV60+AV61),0) -> 0 | AX62: =IF(378>(AX60+AX61),378-(AX60+AX61),0) -> 378 | AZ62: =IF(378>(AZ60+AZ61),378-(AZ60+AZ61),0) -> 378 | BB62: =SUM(AD62:BA62) -> 1881.71 | BC62: =SUM(F62:AC62) -> 1100.39
A63: FLEX | B63: 251027 | C63: THE VIRGINIA HOME | D63: Tax | E63: TXIN | F63: 120 | G63: 0 | H63: 122.53 | I63: 0 | J63: 120 | K63: 0 | L63: 182.99 | M63: 0 | N63: 145.76 | O63: 0 | P63: 249.64 | Q63: 0 | R63: 233.13 | S63: 0 | T63: 200.61 | U63: 0 | V63: 207.84 | W63: 0 | X63: 164.14 | Y63: 0 | Z63: 129.88 | AA63: 0 | AB63: 123.15 | AC63: 0 | AD63: 120 | AE63: 0 | AF63: 120 | AG63: 0 | AH63: 120.12 | AI63: 0 | AJ63: 155.71 | AK63: 0 | AL63: 201.18 | AM63: 0 | AN63: 217.93 | AO63: 0 | AP63: 214.7 | AQ63: 0 | AR63: 211.06 | AS63: 0 | AT63: 162.59 | AU63: 0 | AV63: 156.23 | AW63: 0 | AX63: 120 | AY63: 0 | AZ63: 120 | BA63: 0 | BB63: =SUM(AD63:BA63) -> 1919.52 | BC63: =SUM(F63:AC63) -> 1999.67
BB64: =SUM(AD64:BA64) -> 0 | BC64: =SUM(F64:AC64) -> 0
A65: FLEX | B65: 251060 | C65: UNIVERSITY OF RICHMOND | D65: Margin | E65: GFS6 | F65: =ROUND(Volume!E69*'rt2'!F$758,2)-F66 -> 60677.44 | G65: 0 | H65: =ROUND(Volume!G69*'rt2'!H$758,2)-H66 -> 109922.69 | I65: 0 | J65: =ROUND(Volume!I69*'rt2'!J$758,2)-J66 -> 95979.8 | K65: 0 | L65: =ROUND(Volume!K69*'rt2'!L$758,2)-L66 -> 48015.4 | M65: 0 | N65: =ROUND(Volume!M69*'rt2'!N$758,2)-N66 -> 734.33 | O65: 0 | P65: =ROUND(Volume!O69*'rt2'!P$758,2)-P66 -> 17818.75 | Q65: 0 | R65: =ROUND(Volume!Q69*'rt2'!R$758,2)-R66 -> 3.07 | S65: 0 | T65: =ROUND(Volume!S69*'rt2'!T$758,2)-T66 -> 0 | U65: 0 | V65: =ROUND(Volume!U69*'rt2'!V$758,2)-V66 -> 3211.33 | W65: 0 | X65: =ROUND(Volume!W69*'rt2'!X$758,2)-X66 -> 16.67 | Y65: 0 | Z65: =ROUND(Volume!Y69*'rt2'!Z$758,2)-Z66 -> 29353.06 | AA65: 0 | AB65: =ROUND(Volume!AA69*'rt2'!AB$758,2)-AB66 -> 39606.68 | AC65: 0 | AD65: =ROUND(Volume!AC69*'rt2'!AD$758,2)-AD66 -> 36641.81 | AE65: 0 | AF65: 0 | AG65: 0 | AH65: 0 | AI65: 0 | AJ65: 0 | AK65: 0 | AL65: 0 | AM65: 0 | AN65: 0 | AO65: 0 | AP65: 0 | AQ65: 0 | AR65: 0 | AS65: 0 | AT65: 0 | AU65: 0 | AV65: 0 | AW65: 0 | AX65: 0 | AY65: 0 | AZ65: 0 | BA65: 0 | BB65: =SUM(AD65:BA65) -> 36641.81 | BC65: =SUM(F65:AC65) -> 405339.22
A66: FLEX | B66: 251060 | C66: UNIVERSITY OF RICHMOND | D66: Gas Cost | F66: =ROUND(Volume!E69*'rt2'!F$759,2) -> 88370.14 | H66: =ROUND(Volume!G69*'rt2'!H$759,2) -> 90602.53 | J66: =ROUND(Volume!I69*'rt2'!J$759,2) -> 86311.49 | L66: =ROUND(Volume!K69*'rt2'!L$759,2) -> 33509.85 | N66: =ROUND(Volume!M69*'rt2'!N$759,2) -> 910.22 | P66: =ROUND(Volume!O69*'rt2'!P$759,2) -> 22086.98 | R66: =ROUND(Volume!Q69*'rt2'!R$759,2) -> 3.85 | T66: =ROUND(Volume!S69*'rt2'!T$759,2) -> 0 | V66: =ROUND(Volume!U69*'rt2'!V$759,2) -> 3434.31 | X66: =ROUND(Volume!W69*'rt2'!X$759,2) -> 22.67 | Z66: =ROUND(Volume!Y69*'rt2'!Z$759,2) -> 42453.96 | AB66: =ROUND(Volume!AA69*'rt2'!AB$759,2) -> 56073.18 | AD66: =ROUND(Volume!AC69*'rt2'!AD$759,2) -> 51551.4 | AE66: 0 | AF66: 0 | AG66: 0 | AH66: 0 | AI66: 0 | AJ66: 0 | AK66: 0 | AL66: 0 | AM66: 0 | AN66: 0 | AO66: 0 | AP66: 0 | AQ66: 0 | AR66: 0 | AS66: 0 | AT66: 0 | AU66: 0 | AV66: 0 | AW66: 0 | AX66: 0 | AY66: 0 | AZ66: 0 | BA66: 0 | BB66: =SUM(AD66:BA66) -> 51551.4 | BC66: =SUM(F66:AC66) -> 423779.18
A67: FLEX | B67: 251060 | C67: UNIVERSITY OF RICHMOND | D67: Minimum | E67: + | F67: =IF(820>(F65+F66),820-(F65+F66),0) -> 0 | H67: =IF(820>(H65+H66),820-(H65+H66),0) -> 0 | J67: =IF(820>(J65+J66),820-(J65+J66),0) -> 0 | L67: =IF(820>(L65+L66),820-(L65+L66),0) -> 0 | N67: =IF(820>(N65+N66),820-(N65+N66),0) -> 0 | P67: =IF(820>(P65+P66),820-(P65+P66),0) -> 0 | R67: =IF(820>(R65+R66),820-(R65+R66),0) -> 813.08 | T67: =IF(820>(T65+T66),820-(T65+T66),0) -> 820 | V67: =IF(820>(V65+V66),820-(V65+V66),0) -> 0 | X67: =IF(820>(X65+X66),820-(X65+X66),0) -> 780.66 | Z67: =IF(820>(Z65+Z66),820-(Z65+Z66),0) -> 0 | AB67: =IF(820>(AB65+AB66),820-(AB65+AB66),0) -> 0 | AD67: =IF(820>(AD65+AD66),820-(AD65+AD66),0) -> 0 | AE67: 0 | AF67: 0 | AG67: 0 | AH67: 0 | AI67: 0 | AJ67: 0 | AK67: 0 | AL67: 0 | AM67: 0 | AN67: 0 | AO67: 0 | AP67: 0 | AQ67: 0 | AR67: 0 | AS67: 0 | AT67: 0 | AU67: 0 | AV67: 0 | AW67: 0 | AX67: 0 | AY67: 0 | AZ67: 0 | BA67: 0 | BB67: =SUM(AD67:BA67) -> 0 | BC67: =SUM(F67:AC67) -> 2413.74
A68: FLEX | B68: 251060 | C68: UNIVERSITY OF RICHMOND | D68: Tax | E68: TXIN | F68: 2069.92 | G68: 0 | H68: 2743.38 | I68: 0 | J68: 2504.84 | K68: 0 | L68: 1186.56 | M68: 0 | N68: 142.51 | O68: 0 | P68: 666.22 | Q68: 0 | R68: 120.09 | S68: 0 | T68: 120 | U68: 0 | V68: 215.96 | W68: 0 | X68: 120.57 | Y68: 0 | Z68: 1156.84 | AA68: 0 | AB68: 1501.55 | AC68: 0 | AD68: 1379.49 | AE68: 0 | AF68: 0 | AG68: 0 | AH68: 0 | AI68: 0 | AJ68: 0 | AK68: 0 | AL68: 0 | AM68: 0 | AN68: 0 | AO68: 0 | AP68: 0 | AQ68: 0 | AR68: 0 | AS68: 0 | AT68: 0 | AU68: 0 | AV68: 0 | AW68: 0 | AX68: 0 | AY68: 0 | AZ68: 0 | BA68: 0 | BB68: =SUM(AD68:BA68) -> 1379.49 | BC68: =SUM(F68:AC68) -> 12548.44
BB69: =SUM(AD69:BA69) -> 0 | BC69: =SUM(F69:AC69) -> 0
A70: FLEX | B70: 251063 | C70: UPACO ADHESIVES INC | D70: Margin | E70: GFS4 | F70: =ROUND(Volume!E74*'rt2'!F$758,2)-F71 -> 18.79 | G70: 0 | H70: =ROUND(Volume!G74*'rt2'!H$758,2)-H71 -> 42.65 | I70: 0 | J70: =ROUND(Volume!I74*'rt2'!J$758,2)-J71 -> 67.64 | K70: 0 | L70: =ROUND(Volume!K74*'rt2'!L$758,2)-L71 -> 1318.68 | M70: 0 | N70: =ROUND(Volume!M74*'rt2'!N$758,2)-N71 -> 2355.86 | O70: 0 | P70: =ROUND(Volume!O74*'rt2'!P$758,2)-P71 -> 3719.11 | Q70: 0 | R70: =ROUND(Volume!Q74*'rt2'!R$758,2)-R71 -> 2827.57 | S70: 0 | T70: =ROUND(Volume!S74*'rt2'!T$758,2)-T71 -> 1405.62 | U70: 0 | V70: =ROUND(Volume!U74*'rt2'!V$758,2)-V71 -> 1219.5 | W70: 0 | X70: =ROUND(Volume!W74*'rt2'!X$758,2)-X71 -> 53.48 | Y70: 0 | Z70: =ROUND(Volume!Y74*'rt2'!Z$758,2)-Z71 -> 58.64 | AA70: 0 | AB70: =ROUND(Volume!AA74*'rt2'!AB$758,2)-AB71 -> 102.46 | AC70: 0 | AD70: =ROUND(Volume!AC74*'rt2'!AD$758,2)-AD71 -> 26.86 | AE70: 0 | AF70: =ROUND(Volume!AE74*'rt2'!AF$758,2)-AF71 -> 124.63 | AG70: 0 | AH70: =ROUND(Volume!AG74*'rt2'!AH$758,2)-AH71 -> 131.3 | AI70: 0 | AJ70: =ROUND(Volume!AI74*'rt2'!AJ$758,2)-AJ71 -> 796.26 | AK70: 0 | AL70: =ROUND(Volume!AK74*'rt2'!AL$758,2)-AL71 -> 1920.9 | AM70: 0 | AN70: =ROUND(Volume!AM74*'rt2'!AN$758,2)-AN71 -> 3116.25 | AO70: 0 | AP70: =ROUND(Volume!AO74*'rt2'!AP$758,2)-AP71 -> 3753.55 | AQ70: 0 | AR70: =ROUND(Volume!AQ74*'rt2'!AR$758,2)-AR71 -> 3064.48 | AS70: 0 | AT70: =ROUND(Volume!AS74*'rt2'!AT$758,2)-AT71 -> 836.38 | AU70: 0 | AV70: =ROUND(Volume!AU74*'rt2'!AV$758,2)-AV71 -> 432.31 | AW70: 0 | AX70: =ROUND(Volume!AW74*'rt2'!AX$758,2)-AX71 -> 392.82 | AY70: 0 | AZ70: =ROUND(Volume!AY74*'rt2'!AZ$758,2)-AZ71 -> 211.17 | BA70: 0 | BB70: =SUM(AD70:BA70) -> 14806.91 | BC70: =SUM(F70:AC70) -> 13190
A71: FLEX | B71: 251063 | C71: UPACO ADHESIVES INC | D71: Gas Cost | F71: =ROUND(Volume!E74*'rt2'!F$759,2) -> 27.35 | H71: =ROUND(Volume!G74*'rt2'!H$759,2) -> 35.15 | J71: =ROUND(Volume!I74*'rt2'!J$759,2) -> 60.82 | L71: =ROUND(Volume!K74*'rt2'!L$759,2) -> 920.3 | N71: =ROUND(Volume!M74*'rt2'!N$759,2) -> 2920.17 | P71: =ROUND(Volume!O74*'rt2'!P$759,2) -> 4609.97 | R71: =ROUND(Volume!Q74*'rt2'!R$759,2) -> 3549.15 | T71: =ROUND(Volume!S74*'rt2'!T$759,2) -> 1803.06 | V71: =ROUND(Volume!U74*'rt2'!V$759,2) -> 1304.17 | X71: =ROUND(Volume!W74*'rt2'!X$759,2) -> 72.74 | Z71: =ROUND(Volume!Y74*'rt2'!Z$759,2) -> 84.8 | AB71: =ROUND(Volume!AA74*'rt2'!AB$759,2) -> 145.07 | AD71: =ROUND(Volume!AC74*'rt2'!AD$759,2) -> 37.78 | AF71: =ROUND(Volume!AE74*'rt2'!AF$759,2) -> 176.2 | AH71: =ROUND(Volume!AG74*'rt2'!AH$759,2) -> 140.52 | AJ71: =ROUND(Volume!AI74*'rt2'!AJ$759,2) -> 803.17 | AL71: =ROUND(Volume!AK74*'rt2'!AL$759,2) -> 1707.24 | AN71: =ROUND(Volume!AM74*'rt2'!AN$759,2) -> 2848.75 | AP71: =ROUND(Volume!AO74*'rt2'!AP$759,2) -> 2943.44 | AR71: =ROUND(Volume!AQ74*'rt2'!AR$759,2) -> 1920.11 | AT71: =ROUND(Volume!AS74*'rt2'!AT$759,2) -> 456.3 | AV71: =ROUND(Volume!AU74*'rt2'!AV$759,2) -> 236.23 | AX71: =ROUND(Volume!AW74*'rt2'!AX$759,2) -> 197.67 | AZ71: =ROUND(Volume!AY74*'rt2'!AZ$759,2) -> 136.19 | BB71: =SUM(AD71:BA71) -> 11603.6 | BC71: =SUM(F71:AC71) -> 15532.75
A72: FLEX | B72: 251063 | C72: UPACO ADHESIVES INC | D72: Minimum | E72: + | F72: =IF(378>(F70+F71),378-(F70+F71),0) -> 331.86 | H72: =IF(378>(H70+H71),378-(H70+H71),0) -> 300.2 | J72: =IF(378>(J70+J71),378-(J70+J71),0) -> 249.54 | L72: =IF(378>(L70+L71),378-(L70+L71),0) -> 0 | N72: =IF(378>(N70+N71),378-(N70+N71),0) -> 0 | P72: =IF(378>(P70+P71),378-(P70+P71),0) -> 0 | R72: =IF(378>(R70+R71),378-(R70+R71),0) -> 0 | T72: =IF(378>(T70+T71),378-(T70+T71),0) -> 0 | V72: =IF(378>(V70+V71),378-(V70+V71),0) -> 0 | X72: =IF(378>(X70+X71),378-(X70+X71),0) -> 251.78 | Z72: =IF(378>(Z70+Z71),378-(Z70+Z71),0) -> 234.56 | AB72: =IF(378>(AB70+AB71),378-(AB70+AB71),0) -> 130.47 | AD72: =IF(378>(AD70+AD71),378-(AD70+AD71),0) -> 313.36 | AF72: =IF(378>(AF70+AF71),378-(AF70+AF71),0) -> 77.17 | AH72: =IF(378>(AH70+AH71),378-(AH70+AH71),0) -> 106.18 | AJ72: =IF(378>(AJ70+AJ71),378-(AJ70+AJ71),0) -> 0 | AL72: =IF(378>(AL70+AL71),378-(AL70+AL71),0) -> 0 | AN72: =IF(378>(AN70+AN71),378-(AN70+AN71),0) -> 0 | AP72: =IF(378>(AP70+AP71),378-(AP70+AP71),0) -> 0 | AR72: =IF(378>(AR70+AR71),378-(AR70+AR71),0) -> 0 | AT72: =IF(378>(AT70+AT71),378-(AT70+AT71),0) -> 0 | AV72: =IF(378>(AV70+AV71),378-(AV70+AV71),0) -> 0 | AX72: =IF(378>(AX70+AX71),378-(AX70+AX71),0) -> 0 | AZ72: =IF(378>(AZ70+AZ71),378-(AZ70+AZ71),0) -> 30.64 | BB72: =SUM(AD72:BA72) -> 527.35 | BC72: =SUM(F72:AC72) -> 1498.41
A73: FLEX | B73: 251063 | C73: UPACO ADHESIVES INC | D73: Tax | E73: TXIN | F73: 120.6 | G73: 0 | H73: 121.02 | I73: 0 | J73: 121.68 | K73: 0 | L73: 149.29 | M73: 0 | N73: 192.22 | O73: 0 | P73: 234.01 | Q73: 0 | R73: 207.28 | S73: 0 | T73: 163.92 | U73: 0 | V73: 156.44 | W73: 0 | X73: 121.82 | Y73: 0 | Z73: 122.07 | AA73: 0 | AB73: 123.57 | AC73: 0 | AD73: 120.92 | AE73: 0 | AF73: 124.3 | AG73: 0 | AH73: 123.88 | AI73: 0 | AJ73: 142.84 | AK73: 0 | AL73: 171.81 | AM73: 0 | AN73: 210.66 | AO73: 0 | AP73: 221.78 | AQ73: 0 | AR73: 195.76 | AS73: 0 | AT73: 139.65 | AU73: 0 | AV73: 131.66 | AW73: 0 | AX73: 130.3 | AY73: 0 | AZ73: 125.98 | BA73: 0 | BB73: =SUM(AD73:BA73) -> 1839.54 | BC73: =SUM(F73:AC73) -> 1833.92
BB74: =SUM(AD74:BA74) -> 0 | BC74: =SUM(F74:AC74) -> 0
A75: FLEX | B75: 251099 | C75: UNION PRESBYTERIAN SEMINARY | D75: Margin | E75: GFS2 | F75: =ROUND(Volume!E79*'rt2'!F$758,2)-F76 -> 0.74 | G75: 0 | H75: =ROUND(Volume!G79*'rt2'!H$758,2)-H76 -> 0 | I75: 0 | J75: =ROUND(Volume!I79*'rt2'!J$758,2)-J76 -> 0.47 | K75: 0 | L75: =ROUND(Volume!K79*'rt2'!L$758,2)-L76 -> 1059.2 | M75: 0 | N75: =ROUND(Volume!M79*'rt2'!N$758,2)-N76-0.01 -> 3163.15 | O75: 0 | P75: =ROUND(Volume!O79*'rt2'!P$758,2)-P76 -> 7547.09 | Q75: 0 | R75: =ROUND(Volume!Q79*'rt2'!R$758,2)-R76 -> 7004.34 | S75: 0 | T75: =ROUND(Volume!S79*'rt2'!T$758,2)-T76 -> 4984.24 | U75: 0 | V75: =ROUND(Volume!U79*'rt2'!V$758,2)-V76 -> 3948.02 | W75: 0 | X75: =ROUND(Volume!W79*'rt2'!X$758,2)-X76 -> 1322.83 | Y75: 0 | Z75: =ROUND(Volume!Y79*'rt2'!Z$758,2)-Z76 -> 142.06 | AA75: 0 | AB75: =ROUND(Volume!AA79*'rt2'!AB$758,2)-AB76 -> 0 | AC75: 0 | AD75: =ROUND(Volume!AC79*'rt2'!AD$758,2)-AD76 -> 0 | AE75: 0 | AF75: =ROUND(Volume!AE79*'rt2'!AF$758,2)-AF76 -> 0 | AG75: 0 | AH75: =ROUND(Volume!AG79*'rt2'!AH$758,2)-AH76 -> 0 | AI75: 0 | AJ75: =ROUND(Volume!AI79*'rt2'!AJ$758,2)-AJ76 -> 1284.34 | AK75: 0 | AL75: =ROUND(Volume!AK79*'rt2'!AL$758,2)-AL76 -> 3721.12 | AM75: 0 | AN75: =ROUND(Volume!AM79*'rt2'!AN$758,2)-AN76 -> 4631.65 | AO75: 0 | AP75: =ROUND(Volume!AO79*'rt2'!AP$758,2)-AP76 -> 2663.28 | AQ75: 0 | AR75: =ROUND(Volume!AQ79*'rt2'!AR$758,2)-AR76 -> 5465.89 | AS75: 0 | AT75: =ROUND(Volume!AS79*'rt2'!AT$758,2)-AT76 -> 2780.7 | AU75: 0 | AV75: =ROUND(Volume!AU79*'rt2'!AV$758,2)-AV76 -> 1748.98 | AW75: 0 | AX75: =ROUND(Volume!AW79*'rt2'!AX$758,2)-AX76 -> 285.35 | AY75: 0 | AZ75: =ROUND(Volume!AY79*'rt2'!AZ$758,2)-AZ76 -> 0 | BA75: 0 | BB75: =SUM(AD75:BA75) -> 22581.31 | BC75: =SUM(F75:AC75) -> 29172.14
A76: FLEX | B76: 251099 | C76: UNION PRESBYTERIAN SEMINARY | D76: Gas Cost | F76: =ROUND(Volume!E79*'rt2'!F$759,2) -> 1.07 | H76: =ROUND(Volume!G79*'rt2'!H$759,2) -> 0 | J76: =ROUND(Volume!I79*'rt2'!J$759,2) -> 0.43 | L76: =ROUND(Volume!K79*'rt2'!L$759,2) -> 739.22 | N76: =ROUND(Volume!M79*'rt2'!N$759,2) -> 3920.84 | P76: =ROUND(Volume!O79*'rt2'!P$759,2) -> 9354.89 | R76: =ROUND(Volume!Q79*'rt2'!R$759,2) -> 8791.77 | T76: =ROUND(Volume!S79*'rt2'!T$759,2) -> 6393.56 | V76: =ROUND(Volume!U79*'rt2'!V$759,2) -> 4222.15 | X76: =ROUND(Volume!W79*'rt2'!X$759,2) -> 1799.18 | Z76: =ROUND(Volume!Y79*'rt2'!Z$759,2) -> 205.47 | AB76: =ROUND(Volume!AA79*'rt2'!AB$759,2) -> 0 | AD76: =ROUND(Volume!AC79*'rt2'!AD$759,2) -> 0 | AF76: =ROUND(Volume!AE79*'rt2'!AF$759,2) -> 0 | AH76: =ROUND(Volume!AG79*'rt2'!AH$759,2) -> 0 | AJ76: =ROUND(Volume!AI79*'rt2'!AJ$759,2) -> 1295.47 | AL76: =ROUND(Volume!AK79*'rt2'!AL$759,2) -> 3307.25 | AN76: =ROUND(Volume!AM79*'rt2'!AN$759,2) -> 4234.08 | AP76: =ROUND(Volume!AO79*'rt2'!AP$759,2) -> 2088.47 | AR76: =ROUND(Volume!AQ79*'rt2'!AR$759,2) -> 3424.76 | AT76: =ROUND(Volume!AS79*'rt2'!AT$759,2) -> 1517.06 | AV76: =ROUND(Volume!AU79*'rt2'!AV$759,2) -> 955.72 | AX76: =ROUND(Volume!AW79*'rt2'!AX$759,2) -> 143.6 | AZ76: =ROUND(Volume!AY79*'rt2'!AZ$759,2) -> 0 | BB76: =SUM(AD76:BA76) -> 16966.41 | BC76: =SUM(F76:AC76) -> 35428.58
A77: FLEX | B77: 251099 | C77: UNION PRESBYTERIAN SEMINARY | D77: Minimum | E77: + | F77: =IF(756>(F75+F76),756-(F75+F76),0) -> 754.19 | H77: =IF(756>(H75+H76),756-(H75+H76),0) -> 756 | J77: =IF(756>(J75+J76),756-(J75+J76),0) -> 755.1 | L77: =IF(378>(250*L758),ROUND(378-(250*L758),2),0) -> 151.84 | N77: =IF(756>(N75+N76),756-(N75+N76),0) -> 0 | P77: =IF(756>(P75+P76),756-(P75+P76),0) -> 0 | R77: =IF(756>(R75+R76),756-(R75+R76),0) -> 0 | T77: =IF(756>(T75+T76),756-(T75+T76),0) -> 0 | V77: =IF(756>(V75+V76),756-(V75+V76),0) -> 0 | X77: =IF(756>(X75+X76),756-(X75+X76),0) -> 0 | Z77: =IF(756>(Z75+Z76),756-(Z75+Z76),0) -> 408.47 | AB77: =IF(756>(AB75+AB76),756-(AB75+AB76),0) -> 756 | AD77: =IF(756>(AD75+AD76),756-(AD75+AD76),0) -> 756 | AF77: =IF(756>(AF75+AF76),756-(AF75+AF76),0) -> 756 | AH77: =IF(756>(AH75+AH76),756-(AH75+AH76),0) -> 756 | AJ77: =IF(756>(AJ75+AJ76),756-(AJ75+AJ76),0) -> 0 | AL77: =IF(756>(AL75+AL76),756-(AL75+AL76),0) -> 0 | AN77: =IF(756>(AN75+AN76),756-(AN75+AN76),0) -> 0 | AP77: =IF(756>(AP75+AP76),756-(AP75+AP76),0) -> 0 | AR77: =IF(756>(AR75+AR76),756-(AR75+AR76),0) -> 0 | AT77: =IF(756>(AT75+AT76),756-(AT75+AT76),0) -> 0 | AV77: =IF(378>(284*AV758),ROUND(378-(284*AV758),2),0) -> 185.24 | AX77: =IF(378>(0*AX758),ROUND(378-(0*AX758),2),0) -> 378 | AZ77: =IF(756>(AZ75+AZ76),756-(AZ75+AZ76),0) -> 756 | BB77: =SUM(AD77:BA77) -> 3587.24 | BC77: =SUM(F77:AC77) -> 3581.6
A78: FLEX | B78: 251099 | C78: UNION PRESBYTERIAN SEMINARY | D78: Tax | E78: TXIN | F78: 240.02 | G78: 0 | H78: 240 | I78: 0 | J78: 240.01 | K78: 0 | L78: 263.53 | M78: 0 | N78: 336.96 | O78: 0 | P78: 471.35 | Q78: 0 | R78: 456.22 | S78: 0 | T78: 395.74 | U78: 0 | V78: 357.97 | W78: 0 | X78: 285.08 | Y78: 0 | Z78: 245.02 | AA78: 0 | AB78: 240 | AC78: 0 | AD78: 240 | AE78: 0 | AF78: 240 | AG78: 0 | AH78: 240 | AI78: 0 | AJ78: 276.85 | AK78: 0 | AL78: 340.37 | AM78: 0 | AN78: 374.74 | AO78: 0 | AP78: 312.22 | AQ78: 0 | AR78: 375.12 | AS78: 0 | AT78: 305.32 | AU78: 0 | AV78: 287.16 | AW78: 0 | AX78: 247.48 | AY78: 0 | AZ78: 240 | BA78: 0 | BB78: =SUM(AD78:BA78) -> 3479.26 | BC78: =SUM(F78:AC78) -> 3771.9
BB79: =SUM(AD79:BA79) -> 0 | BC79: =SUM(F79:AC79) -> 0
A80: FLEX | B80: 251199 | C80: WYTHE PARK POWER | D80: Margin | E80: GFS2 | F80: =ROUND(Volume!E84*'rt2'!F$758,2)-F81 -> 298.67 | G80: 0 | H80: =ROUND(Volume!G84*'rt2'!H$758,2)-H81 -> 135.38 | I80: 0 | J80: =ROUND(Volume!I84*'rt2'!J$758,2)-J81 -> 0 | K80: 0 | L80: =ROUND(Volume!K84*'rt2'!L$758,2)-L81 -> 0 | M80: 0 | N80: 0 | O80: 0 | P80: 0 | Q80: 0 | R80: 0 | S80: 0 | T80: 0 | U80: 0 | V80: 0 | W80: 0 | X80: 0 | Y80: 0 | Z80: 0 | AA80: 0 | AB80: 0 | AC80: 0 | AD80: 0 | AE80: 0 | AF80: 0 | AG80: 0 | AH80: 0 | AI80: 0 | AJ80: 0 | AK80: 0 | AL80: 0 | AM80: 0 | AN80: 0 | AO80: 0 | AP80: 0 | AQ80: 0 | AR80: 0 | AS80: 0 | AT80: 0 | AU80: 0 | AV80: 0 | AW80: 0 | AX80: 0 | AY80: 0 | AZ80: 0 | BA80: 0 | BB80: =SUM(AD80:BA80) -> 0 | BC80: =SUM(F80:AC80) -> 434.05 | BD80: =SUM(F80:AC80) -> 434.05
A81: FLEX | B81: 251199 | C81: WYTHE PARK POWER | D81: Gas Cost | F81: =ROUND(Volume!E84*'rt2'!F$759,2) -> 434.99 | H81: =ROUND(Volume!G84*'rt2'!H$759,2) -> 111.59 | J81: =ROUND(Volume!I84*'rt2'!J$759,2) -> 0 | L81: =ROUND(Volume!K84*'rt2'!L$759,2) -> 0 | BB81: =SUM(AD81:BA81) -> 0 | BC81: =SUM(F81:AC81) -> 546.58
A82: FLEX | B82: 251199 | C82: WYTHE PARK POWER | D82: Minimum | E82: + | F82: =IF(378>(F80+F81),378-(F80+F81),0) -> 0 | G82: 0 | H82: =IF(378>(H80+H81),378-(H80+H81),0) -> 131.03 | I82: 0 | J82: =IF(378>(J80+J81),378-(J80+J81),0) -> 378 | K82: 0 | L82: =IF(378>(L80+L81),378-(L80+L81),0) -> 378 | M82: 0 | N82: 0 | O82: 0 | P82: 0 | Q82: 0 | R82: 0 | S82: 0 | T82: 0 | U82: 0 | V82: 0 | W82: 0 | X82: 0 | Y82: 0 | Z82: 0 | AA82: 0 | AB82: 0 | AC82: 0 | AD82: 0 | AE82: 0 | AF82: 0 | AG82: 0 | AH82: 0 | AI82: 0 | AJ82: 0 | AK82: 0 | AL82: 0 | AM82: 0 | AN82: 0 | AO82: 0 | AP82: 0 | AQ82: 0 | AR82: 0 | AS82: 0 | AT82: 0 | AU82: 0 | AV82: 0 | AW82: 0 | AX82: 0 | AY82: 0 | AZ82: 0 | BA82: 0 | BB82: =SUM(AD82:BA82) -> 0 | BC82: =SUM(F82:AC82) -> 887.03
A83: FLEX | B83: 251199 | C83: WYTHE PARK POWER | D83: Tax | E83: TXIN | F83: 129.6 | H83: 123.23 | J83: 120 | L83: 120 | M83: 0 | N83: 0 | O83: 0 | P83: 0 | Q83: 0 | R83: 0 | S83: 0 | T83: 0 | U83: 0 | V83: 0 | W83: 0 | X83: 0 | Y83: 0 | Z83: 0 | AA83: 0 | AB83: 0 | AC83: 0 | AD83: 0 | AE83: 0 | AF83: 0 | AG83: 0 | AH83: 0 | AI83: 0 | AJ83: 0 | AK83: 0 | AL83: 0 | AM83: 0 | AN83: 0 | AO83: 0 | AP83: 0 | AQ83: 0 | AR83: 0 | AS83: 0 | AT83: 0 | AU83: 0 | AV83: 0 | AW83: 0 | AX83: 0 | AY83: 0 | AZ83: 0 | BA83: 0 | BB83: =SUM(AD83:BA83) -> 0 | BC83: =SUM(F83:AC83) -> 492.83
BB84: =SUM(AD84:BA84) -> 0 | BC84: =SUM(F84:AC84) -> 0
A85: FLEX | B85: 260908 | C85: ELIZABETH ADAM CRUMP MANOR | D85: Margin | E85: GFS2 | F85: =ROUND(Volume!E89*'rt2'!F$758,2)-F86 -> 1042.23 | G85: 0 | H85: =ROUND(Volume!G89*'rt2'!H$758,2)-H86 -> 1528.86 | I85: 0 | J85: =ROUND(Volume!I89*'rt2'!J$758,2)-J86 -> 1892.86 | K85: 0 | L85: =ROUND(Volume!K89*'rt2'!L$758,2)-L86 -> 2268.67 | M85: 0 | N85: =ROUND(Volume!M89*'rt2'!N$758,2)-N86 -> 2230.77 | O85: 0 | P85: =ROUND(Volume!O89*'rt2'!P$758,2)-P86 -> 4300.54 | Q85: 0 | R85: =ROUND(Volume!Q89*'rt2'!R$758,2)-R86 -> 3660.32 | S85: 0 | T85: =ROUND(Volume!S89*'rt2'!T$758,2)-T86 -> 2682.83 | U85: 0 | V85: =ROUND(Volume!U89*'rt2'!V$758,2)-V86 -> 2691.29 | W85: 0 | X85: =ROUND(Volume!W89*'rt2'!X$758,2)-X86 -> 1769.1 | Y85: 0 | Z85: =ROUND(Volume!Y89*'rt2'!Z$758,2)-Z86 -> 1470.53 | AA85: 0 | AB85: =ROUND(Volume!AA89*'rt2'!AB$758,2)-AB86 -> 1474.56 | AC85: 0 | AD85: =ROUND(Volume!AC89*'rt2'!AD$758,2)-AD86 -> 1121.42 | AE85: 0 | AF85: =ROUND(Volume!AE89*'rt2'!AF$758,2)-AF86 -> 1151.88 | AG85: 0 | AH85: =ROUND(Volume!AG89*'rt2'!AH$758,2)-AH86 -> 1452.76 | AI85: 0 | AJ85: =ROUND(Volume!AI89*'rt2'!AJ$758,2)-AJ86 -> 2201.47 | AK85: 0 | AL85: =ROUND(Volume!AK89*'rt2'!AL$758,2)-AL86 -> 3502.18 | AM85: 0 | AN85: =ROUND(Volume!AM89*'rt2'!AN$758,2)-AN86 -> 3521.03 | AO85: 0 | AP85: =ROUND(Volume!AO89*'rt2'!AP$758,2)-AP86 -> 3503.03 | AQ85: 0 | AR85: =ROUND(Volume!AQ89*'rt2'!AR$758,2)-AR86 -> 4379.6 | AS85: 0 | AT85: =ROUND(Volume!AS89*'rt2'!AT$758,2)-AT86 -> 2955.52 | AU85: 0 | AV85: =ROUND(Volume!AU89*'rt2'!AV$758,2)-AV86 -> 2844.88 | AW85: 0 | AX85: =ROUND(Volume!AW89*'rt2'!AX$758,2)-AX86 -> 3355.17 | AY85: 0 | AZ85: =ROUND(Volume!AY89*'rt2'!AZ$758,2)-AZ86 -> 2363.44 | BA85: 0 | BB85: =SUM(AD85:BA85) -> 32352.38 | BC85: =SUM(F85:AC85) -> 27012.56
A86: FLEX | B86: 260908 | C86: ELIZABETH ADAM CRUMP MANOR | D86: Gas Cost | F86: =ROUND(Volume!E89*'rt2'!F$759,2) -> 1517.9 | H86: =ROUND(Volume!G89*'rt2'!H$759,2) -> 1260.15 | J86: =ROUND(Volume!I89*'rt2'!J$759,2) -> 1702.18 | L86: =ROUND(Volume!K89*'rt2'!L$759,2) -> 1583.29 | N86: =ROUND(Volume!M89*'rt2'!N$759,2) -> 2765.12 | P86: =ROUND(Volume!O89*'rt2'!P$759,2) -> 5330.68 | R86: =ROUND(Volume!Q89*'rt2'!R$759,2) -> 4594.4 | T86: =ROUND(Volume!S89*'rt2'!T$759,2) -> 3441.42 | V86: =ROUND(Volume!U89*'rt2'!V$759,2) -> 2878.16 | X86: =ROUND(Volume!W89*'rt2'!X$759,2) -> 2406.15 | Z86: =ROUND(Volume!Y89*'rt2'!Z$759,2) -> 2126.87 | AB86: =ROUND(Volume!AA89*'rt2'!AB$759,2) -> 2087.6 | AD86: =ROUND(Volume!AC89*'rt2'!AD$759,2) -> 1577.72 | AF86: =ROUND(Volume!AE89*'rt2'!AF$759,2) -> 1628.48 | AH86: =ROUND(Volume!AG89*'rt2'!AH$759,2) -> 1554.66 | AJ86: =ROUND(Volume!AI89*'rt2'!AJ$759,2) -> 2220.58 | AL86: =ROUND(Volume!AK89*'rt2'!AL$759,2) -> 3112.66 | AN86: =ROUND(Volume!AM89*'rt2'!AN$759,2) -> 3218.79 | AP86: =ROUND(Volume!AO89*'rt2'!AP$759,2) -> 2746.98 | AR86: =ROUND(Volume!AQ89*'rt2'!AR$759,2) -> 2744.13 | AT86: =ROUND(Volume!AS89*'rt2'!AT$759,2) -> 1612.45 | AV86: =ROUND(Volume!AU89*'rt2'!AV$759,2) -> 1554.58 | AX86: =ROUND(Volume!AW89*'rt2'!AX$759,2) -> 1688.4 | AZ86: =ROUND(Volume!AY89*'rt2'!AZ$759,2) -> 1524.23 | BB86: =SUM(AD86:BA86) -> 25183.66 | BC86: =SUM(F86:AC86) -> 31693.92
BB87: =SUM(AD87:BA87) -> 0 | BC87: =SUM(F87:AC87) -> 0
A88: FLEX | B88: 266282 | C88: COMM. OF VA. DEPT. OF FORENSIC | D88: Margin | E88: GFS2 | F88: =ROUND(Volume!E92*'rt2'!F$756,2)-F89 -> 6110.52 | G88: 0 | H88: =ROUND(Volume!G92*'rt2'!H$756,2)-H89 -> 3863.25 | I88: 0 | J88: =ROUND(Volume!I92*'rt2'!J$756,2)-J89 -> 9202.41 | K88: 0 | L88: =ROUND(Volume!K92*'rt2'!L$756,2)-L89 -> 6320.63 | M88: 0 | N88: 0 | O88: 0 | P88: 0 | Q88: 0 | R88: 0 | S88: 0 | T88: 0 | U88: 0 | V88: 0 | W88: 0 | X88: 0 | Y88: 0 | Z88: 0 | AA88: 0 | AB88: 0 | AC88: 0 | AD88: 0 | AE88: 0 | AF88: 0 | AG88: 0 | AH88: 0 | AI88: 0 | AJ88: 0 | AK88: 0 | AL88: 0 | AM88: 0 | AN88: 0 | AO88: 0 | AP88: 0 | AQ88: 0 | AR88: 0 | AS88: 0 | AT88: 0 | AU88: 0 | AV88: 0 | AW88: 0 | AX88: 0 | AY88: 0 | AZ88: 0 | BA88: 0 | BB88: =SUM(AD88:BA88) -> 0 | BC88: =SUM(F88:AC88) -> 25496.81
A89: FLEX | B89: 266282 | C89: COMM. OF VA. DEPT. OF FORENSIC | D89: Gas Cost | F89: =ROUND(Volume!E92*'rt2'!F$757,2) -> 6747.63 | H89: =ROUND(Volume!G92*'rt2'!H$757,2) -> 5626.42 | J89: =ROUND(Volume!I92*'rt2'!J$757,2) -> 7584.99 | L89: =ROUND(Volume!K92*'rt2'!L$757,2) -> 5683.94 | BB89: =SUM(AD89:BA89) -> 0 | BC89: =SUM(F89:AC89) -> 25642.98
A90: FLEX | B90: 266282 | C90: COMM. OF VA. DEPT. OF FORENSIC | D90: Tax | E90: TXIN | F90: 0 | G90: 0 | H90: 0 | I90: 0 | J90: 0 | K90: 0 | L90: 0 | M90: 0 | N90: 0 | O90: 0 | P90: 0 | Q90: 0 | R90: 0 | S90: 0 | T90: 0 | U90: 0 | V90: 0 | W90: 0 | X90: 0 | Y90: 0 | Z90: 0 | AA90: 0 | AB90: 0 | AC90: 0 | AD90: 0 | AE90: 0 | AF90: 0 | AG90: 0 | AH90: 0 | AI90: 0 | AJ90: 0 | AK90: 0 | AL90: 0 | AM90: 0 | AN90: 0 | AO90: 0 | AP90: 0 | AQ90: 0 | AR90: 0 | AS90: 0 | AT90: 0 | AU90: 0 | AV90: 0 | AW90: 0 | AX90: 0 | AY90: 0 | AZ90: 0 | BA90: 0 | BB90: =SUM(AD90:BA90) -> 0 | BC90: =SUM(F90:AC90) -> 0
BB91: =SUM(AD91:BA91) -> 0 | BC91: =SUM(F91:AC91) -> 0
A92: FLEX | B92: 308658 | C92: WACO INC. | D92: Margin | E92: GFS2 | F92: =ROUND(Volume!E96*'rt2'!F$756,2)-F93 -> 0 | G92: 0 | H92: =ROUND(Volume!G96*'rt2'!H$756,2)-H93 -> 0 | I92: 0 | J92: =ROUND(Volume!I96*'rt2'!J$756,2)-J93 -> 0 | K92: 0 | L92: =ROUND(Volume!K96*'rt2'!L$756,2)-L93 -> 39.06 | M92: 0 | N92: =ROUND(Volume!M96*'rt2'!N$756,2)-N93 -> 369.76 | O92: 0 | P92: =ROUND(Volume!O96*'rt2'!P$756,2)-P93 -> 872.54 | Q92: 0 | R92: =ROUND(Volume!Q96*'rt2'!R$756,2)-R93 -> 1272.91 | S92: 0 | T92: =ROUND(Volume!S96*'rt2'!T$756,2)-T93 -> 643.35 | U92: 0 | V92: =ROUND(Volume!U96*'rt2'!V$756,2)-V93 -> 313.25 | W92: 0 | X92: =ROUND(Volume!W96*'rt2'!X$756,2)-X93 -> 93.86 | Y92: 0 | Z92: 0 | AA92: 0 | AB92: 0 | AC92: 0 | AD92: 0 | AE92: 0 | AF92: 0 | AG92: 0 | AH92: 0 | AI92: 0 | AJ92: 0 | AK92: 0 | AL92: 0 | AM92: 0 | AN92: 0 | AO92: 0 | AP92: 0 | AQ92: 0 | AR92: 0 | AS92: 0 | AT92: 0 | AU92: 0 | AV92: 0 | AW92: 0 | AX92: 0 | AY92: 0 | AZ92: 0 | BA92: 0 | BB92: =SUM(AD92:BA92) -> 0 | BC92: =SUM(F92:AC92) -> 3604.73 | BD92: =SUM(F92:AC92) -> 3604.73
A93: FLEX | B93: 308658 | C93: WACO INC. | D93: Gas Cost | F93: =ROUND(Volume!E96*'rt2'!F$757,2) -> 0 | H93: =ROUND(Volume!G96*'rt2'!H$757,2) -> 0 | J93: =ROUND(Volume!I96*'rt2'!J$757,2) -> 0 | L93: =ROUND(Volume!K96*'rt2'!L$757,2) -> 35.12 | N93: =ROUND(Volume!M96*'rt2'!N$757,2) -> 258.06 | P93: =ROUND(Volume!O96*'rt2'!P$757,2) -> 1081.55 | R93: =ROUND(Volume!Q96*'rt2'!R$757,2) -> 1577.81 | T93: =ROUND(Volume!S96*'rt2'!T$757,2) -> 807.52 | V93: =ROUND(Volume!U96*'rt2'!V$757,2) -> 401.81 | X93: =ROUND(Volume!W96*'rt2'!X$757,2) -> 100.39 | BB93: =SUM(AD93:BA93) -> 0 | BC93: =SUM(F93:AC93) -> 4262.26
A94: FLEX | B94: 308658 | C94: WACO INC. | D94: Minimum | E94: - | F94: =IF(378>(F92+F93),378-(F92+F93),0) -> 378 | G94: 0 | H94: =IF(378>(H92+H93),378-(H92+H93),0) -> 378 | I94: 0 | J94: =IF(378>(J92+J93),378-(J92+J93),0) -> 378 | K94: 0 | L94: =IF(378>(L92+L93),378-(L92+L93),0) -> 303.82 | M94: 0 | N94: =IF(378>(N92+N93),378-(N92+N93),0) -> 0 | O94: 0 | P94: =IF(378>(P92+P93),378-(P92+P93),0) -> 0 | Q94: 0 | R94: =IF(378>(R92+R93),378-(R92+R93),0) -> 0 | S94: 0 | T94: =IF(378>(T92+T93),378-(T92+T93),0) -> 0 | U94: 0 | V94: =IF(378>(V92+V93),378-(V92+V93),0) -> 0 | W94: 0 | X94: =IF(378>(X92+X93),378-(X92+X93),0) -> 183.75 | Y94: 0 | Z94: 0 | AA94: 0 | AB94: 0 | AC94: 0 | AD94: 0 | AE94: 0 | AF94: 0 | AG94: 0 | AH94: 0 | AI94: 0 | AJ94: 0 | AK94: 0 | AL94: 0 | AM94: 0 | AN94: 0 | AO94: 0 | AP94: 0 | AQ94: 0 | AR94: 0 | AS94: 0 | AT94: 0 | AU94: 0 | AV94: 0 | AW94: 0 | AX94: 0 | AY94: 0 | AZ94: 0 | BA94: 0 | BB94: =SUM(AD94:BA94) -> 0 | BC94: =SUM(F94:AC94) -> 1621.57
BB95: =SUM(AD95:BA95) -> 0 | BC95: =SUM(F95:AC95) -> 0
A96: FLEX | B96: 385424 | C96: FIRST STATES INVESTORS 3500, L | D96: Margin | E96: GFS2 | F96: =ROUND(Volume!E100*'rt2'!F$756,2)-F97 -> 2137.23 | G96: 0 | H96: =ROUND(Volume!G100*'rt2'!H$756,2)-H97 -> 1441.08 | I96: 0 | J96: =ROUND(Volume!I100*'rt2'!J$756,2)-J97 -> 2223.12 | K96: 0 | L96: =ROUND(Volume!K100*'rt2'!L$756,2)-L97 -> 4695.94 | M96: 0 | N96: =ROUND(Volume!M100*'rt2'!N$756,2)-N97 -> 12306.61 | O96: 0 | P96: =ROUND(Volume!O100*'rt2'!P$756,2)-P97 -> 15313.09 | Q96: 0 | R96: =ROUND(Volume!Q100*'rt2'!R$756,2)-R97 -> 21191.93 | S96: 0 | T96: =ROUND(Volume!S100*'rt2'!T$756,2)-T97 -> 16599.3 | U96: 0 | V96: =ROUND(Volume!U100*'rt2'!V$756,2)-V97 -> 12065.34 | W96: 0 | X96: =ROUND(Volume!W100*'rt2'!X$756,2)-X97 -> 9786.49 | Y96: 0 | Z96: =ROUND(Volume!Y100*'rt2'!Z$756,2)-Z97 -> 4822.12 | AA96: 0 | AB96: =ROUND(Volume!AA100*'rt2'!AB$756,2)-AB97 -> 2344.01 | AC96: 0 | AD96: =ROUND(Volume!AC100*'rt2'!AD$756,2)+ROUND(Volume!AC101*'rt2'!AD$758,2)-AD97 -> 2608.31 | AE96: 0 | AF96: 0 | AG96: 0 | AH96: 0 | AI96: 0 | AJ96: 0 | AK96: 0 | AL96: 0 | AM96: 0 | AN96: 0 | AO96: 0 | AP96: 0 | AQ96: 0 | AR96: 0 | AS96: 0 | AT96: 0 | AU96: 0 | AV96: 0 | AW96: 0 | AX96: 0 | AY96: 0 | AZ96: 0 | BA96: 0 | BB96: =SUM(AD96:BA96) -> 2608.31 | BC96: =SUM(F96:AC96) -> 104926.26
A97: FLEX | B97: 385424 | C97: FIRST STATES INVESTORS 3500, L | D97: Gas Cost | F97: =ROUND(Volume!E100*'rt2'!F$757,2) -> 2360.07 | H97: =ROUND(Volume!G100*'rt2'!H$757,2) -> 2098.78 | J97: =ROUND(Volume!I100*'rt2'!J$757,2) -> 1832.38 | L97: =ROUND(Volume!K100*'rt2'!L$757,2) -> 4222.91 | N97: =ROUND(Volume!M100*'rt2'!N$757,2) -> 8588.76 | P97: =ROUND(Volume!O100*'rt2'!P$757,2) -> 18981.13 | R97: =ROUND(Volume!Q100*'rt2'!R$757,2) -> 26268.16 | T97: =ROUND(Volume!S100*'rt2'!T$757,2) -> 20835.29 | V97: =ROUND(Volume!U100*'rt2'!V$757,2) -> 15476.9 | X97: =ROUND(Volume!W100*'rt2'!X$757,2) -> 10465.99 | Z97: =ROUND(Volume!Y100*'rt2'!Z$757,2) -> 6558.58 | AB97: =ROUND(Volume!AA100*'rt2'!AB$757,2) -> 3390.19 | AD97: =ROUND(Volume!AC100*'rt2'!AD$757,2)+ROUND(Volume!AC101*'rt2'!AD$759,2) -> 3684.99 | BB97: =SUM(AD97:BA97) -> 3684.99 | BC97: =SUM(F97:AC97) -> 121079.14
A98: FLEX | B98: 385424 | C98: FIRST STATES INVESTORS 3500, L | D98: Tax | E98: TXIN | F98: 179.21 | G98: 0 | H98: 166.31 | I98: 0 | J98: 173.06 | K98: 0 | L98: 236.68 | M98: 0 | N98: 393.36 | O98: 0 | P98: 589.41 | Q98: 0 | R98: 769.62 | S98: 0 | T98: 632.4 | U98: 0 | V98: 496.99 | W98: 0 | X98: 412.43 | Y98: 0 | Z98: 284.33 | AA98: 0 | AB98: 202.8 | AC98: 0 | AD98: 330.54 | AE98: 0 | AF98: 0 | AG98: 0 | AH98: 0 | AI98: 0 | AJ98: 0 | AK98: 0 | AL98: 0 | AM98: 0 | AN98: 0 | AO98: 0 | AP98: 0 | AQ98: 0 | AR98: 0 | AS98: 0 | AT98: 0 | AU98: 0 | AV98: 0 | AW98: 0 | AX98: 0 | AY98: 0 | AZ98: 0 | BA98: 0 | BB98: =SUM(AD98:BA98) -> 330.54 | BC98: =SUM(F98:AC98) -> 4536.6
BB99: =SUM(AD99:BA99) -> 0 | BC99: =SUM(F99:AC99) -> 0
A100: FLEX | B100: 577620 | C100: BAKERS EQUIPMENT - CNG | D100: Margin | E100: GFPW | F100: 0 | G100: 0 | H100: 0 | I100: 0 | J100: 0 | K100: 0 | L100: 0 | M100: 0 | N100: 0 | O100: 0 | P100: 0 | Q100: 0 | R100: 0 | S100: 0 | T100: 0 | U100: 0 | V100: 0 | W100: 0 | X100: 0 | Y100: 0 | Z100: 0 | AA100: 0 | AB100: 0 | AC100: 0 | AD100: 0 | AE100: 0 | AF100: 15049.47 | AG100: 0 | AH100: 2382.63 | AI100: 0 | AJ100: 2491.02 | AK100: 0 | AL100: 1245.51 | AM100: 0 | AN100: 0 | AO100: 0 | AP100: 0 | AQ100: 0 | AR100: 1336.58 | AS100: 0 | AT100: 0 | AU100: 0 | AV100: 613.86 | AW100: -20254.69 | AX100: 1827.34 | AY100: 0 | AZ100: 1746.19 | BA100: 0 | BB100: =SUM(AD100:BA100) -> 6437.91 | BC100: =SUM(F100:AC100) -> 0
BB101: =SUM(AD101:BA101) -> 0 | BC101: =SUM(F101:AC101) -> 0
...

Sheet Volume
A1: GROUP | B1: CUST | C1: NAME | D1: RATE | E1: JUL 2010 C | F1: JUL 2010 A | G1: AUG 2010 C | H1: AUG 2010 A | I1: SEP 2010 C | J1: SEP 2010 A | K1: OCT 2010 C | L1: OCT 2010 A | M1: NOV 2010 C | N1: NOV 2010 A | O1: DEC 2010 C | P1: DEC 2010 A | Q1: JAN 2011 C | R1: JAN 2011 A | S1: FEB 2011 C | T1: FEB 2011 A | U1: MAR 2011 C | V1: MAR 2011 A | W1: APR 2011 C | X1: APR 2011 A | Y1: MAY 2011 C | Z1: MAY 2011 A | AA1: JUN 2011 C | AB1: JUN 2011 A | AC1: JUL 2011 C | AD1: JUL 2011 A | AE1: AUG 2011 C | AF1: AUG 2011 A | AG1: SEP 2011 C | AH1: SEP 2011 A | AI1: OCT 2011 C | AJ1: OCT 2011 A | AK1: NOV 2011 C | AL1: NOV 2011 A | AM1: DEC 2011 C | AN1: DEC 2011 A | AO1: JAN 2012 C | AP1: JAN 2012 A | AQ1: FEB 2012 C | AR1: FEB 2012 A | AS1: MAR 2012 C | AT1: MAR 2012 A | AU1: APR 2012 C | AV1: APR 2012 A | AW1: MAY 2012 C | AX1: MAY 2012 A | AY1: JUN 2012 C | AZ1: JUN 2012 A
C2: Starting Date for this period ---->>>> | E2: 24-JUL | G2: 24-AUG | I2: 24-SEP | K2: 23-OCT | M2: 23-NOV | O2: 23-DEC | Q2: 26-JAN | S2: 24-FEB | U2: 23-MAR | W2: 26-APR | Y2: 24-MAY | AA2: 23-JUN | AC2: 26-JUL | AE2: 23-AUG | AG2: 24-SEP | AI2: 25-OCT | AK2: 23-NOV | AM2: 23-DEC | AO2: 26-JAN | AQ2: 24-FEB | AS2: 23-MAR | AU2: 25-APR | AW2: 23-MAY | AY2: 23-JUN
A3: CIS | B3: 0 | E3: 574160 | F3: 0 | G3: 608348 | H3: 0 | I3: 656584 | J3: 0 | K3: 933316 | L3: 0 | M3: 1627074 | N3: 0 | O3: 2741332 | P3: 0 | Q3: 2746826 | R3: 0 | S3: 1925314 | T3: -15041 | U3: 1857817 | V3: 0 | W3: 1066518 | X3: 0 | Y3: 859609 | Z3: 0 | AA3: 628061 | AB3: 843 | AC3: 555539 | AD3: 0 | AE3: 643814 | AF3: 0 | AG3: 94941 | AH3: 0 | AI3: 1050698 | AJ3: 0 | AK3: 1528596 | AL3: 0 | AM3: 2075201 | AN3: 0 | AO3: 2261534 | AP3: 0 | AQ3: 1998341 | AR3: -209 | AS3: 1454935 | AT3: 0 | AU3: 1100523 | AV3: 0 | AW3: 894130 | AX3: 0 | AY3: 699481 | AZ3: 0
A5: CM | B5: 0 | E5: 741645 | F5: 1456 | G5: 824983 | H5: -1023 | I5: 892160 | J5: 1168 | K5: 1316525 | L5: 2141 | M5: 2708940 | N5: -6067 | O5: 6180577 | P5: -2901 | Q5: 6492596 | R5: -6926 | S5: 4133294 | T5: 10298 | U5: 3568740 | V5: -2737 | W5: 1847187 | X5: -296 | Y5: 1088694 | Z5: -9644 | AA5: 1857306 | AB5: -985332 | AC5: 777580 | AD5: -17644 | AE5: 855386 | AF5: -4057 | AG5: 632731 | AH5: 286414 | AI5: 1362089 | AJ5: -52 | AK5: 2436572 | AL5: -21183 | AM5: 3541497 | AN5: -4825 | AO5: 4224483 | AP5: -20621 | AQ5: 3788579 | AR5: -2387 | AS5: 2109000 | AT5: 25526 | AU5: 1600827 | AV5: -97165 | AW5: 1077932 | AX5: 10312 | AY5: 874561 | AZ5: -10
A7: FLEX | B7: 16206 | C7: HENRICO COUNTY PUBLIC SCHOOLS | D7: GFS2 | E7: 0 | F7: 0 | G7: 0 | H7: 0 | I7: 717 | J7: 0 | K7: 6739 | L7: 0 | M7: 10964 | N7: 0 | O7: 19976 | P7: 0 | Q7: 17837 | R7: 0 | S7: 12023 | T7: 0 | U7: 12629 | V7: 0 | W7: 1785 | X7: 0 | Y7: 1 | Z7: 0 | AA7: 0 | AB7: 0 | AC7: 0 | AD7: 0 | AE7: 0 | AF7: 0 | AG7: 0 | AH7: 0 | AI7: 0 | AJ7: 0 | AK7: 0 | AL7: 0 | AM7: 0 | AN7: 0 | AO7: 0 | AP7: 0 | AQ7: 0 | AR7: 0 | AS7: 0 | AT7: 0 | AU7: 0 | AV7: 0 | AW7: 0 | AX7: 0 | AY7: 0 | AZ7: 0
A11: FLEX | B11: 161306 | C11: ST JOSEPHS VILLA | D11: GFS2 | E11: 0 | F11: 0 | G11: 0 | H11: 0 | I11: 962 | J11: 0 | K11: 3121 | L11: 0 | M11: 10524 | N11: 0 | O11: 24437 | P11: 0 | Q11: 23591 | R11: 0 | S11: 18871 | T11: 0 | U11: 16932 | V11: 0 | W11: 5812 | X11: 0 | Y11: 0 | Z11: 0 | AA11: 0 | AB11: 0 | AC11: 0 | AD11: 0 | AE11: 0 | AF11: 0 | AG11: 0 | AH11: 0 | AI11: 231 | AJ11: 0 | AK11: 13663 | AL11: 0 | AM11: 16827 | AN11: 0 | AO11: 19803 | AP11: 0 | AQ11: 16241 | AR11: 0 | AS11: 9379 | AT11: 0 | AU11: 3862 | AV11: 0 | AW11: 19 | AX11: 0 | AY11: 0 | AZ11: 0
A15: FLEX | B15: 161561 | C15: THE GREENHOUSE | D15: GFS2 | E15: 0 | F15: 0 | G15: 0 | H15: 0 | I15: 514 | J15: 0 | K15: 3709 | L15: 0 | M15: 7058 | N15: 0 | O15: 8218 | P15: 0 | Q15: 6977 | R15: 0 | S15: 6806 | T15: 0 | U15: 5896 | V15: 0 | W15: 1276 | X15: 0 | Y15: 0 | Z15: 0 | AA15: 0 | AB15: 0 | AC15: 0 | AD15: 0 | AE15: 8 | AF15: 0 | AG15: 684 | AH15: 0 | AI15: 3788 | AJ15: 0 | AK15: 6306 | AL15: 0 | AM15: 5963 | AN15: 0 | AO15: 4889 | AP15: 0 | AQ15: 5890 | AR15: 0 | AS15: 1934 | AT15: 0 | AU15: 2713 | AV15: 0 | AW15: 344 | AX15: 0 | AY15: 0 | AZ15: 0
A19: FLEX | B19: 166435 | C19: 5100 MONUMENT AVE. A CONDO | D19: GFS2 | E19: 0 | F19: 0 | G19: 0 | H19: 0 | I19: 0 | J19: 0 | K19: 1322 | L19: 0 | M19: 4341 | N19: 0 | O19: 9269 | P19: 0 | Q19: 7976 | R19: 0 | S19: 4662 | T19: 0 | U19: 3942 | V19: 0 | W19: 170 | X19: 0 | Y19: 0 | Z19: 0 | AA19: 0 | AB19: 0 | AC19: 0 | AD19: 0 | AE19: 0 | AF19: 0 | AG19: -290944 | AH19: 291010 | AI19: 3572 | AJ19: 0 | AK19: 6806 | AL19: 0 | AM19: 10455 | AN19: 0 | AO19: 10535 | AP19: 0 | AQ19: 9458 | AR19: 0 | AS19: 3618 | AT19: 0 | AU19: 2374 | AV19: 0 | AW19: 262 | AX19: 0 | AY19: 94 | AZ19: 0
A23: FLEX | B23: 166507 | C23: THE TUCKAHOE A CONDO | D23: GFS4 | E23: 401 | F23: 0 | G23: 443 | H23: 0 | I23: 609 | J23: 0 | K23: 1698 | L23: 0 | M23: 5136 | N23: 0 | O23: 11912 | P23: 0 | Q23: 10555 | R23: 0 | S23: 6549 | T23: 0 | U23: 6296 | V23: 0 | W23: 972 | X23: 0 | Y23: 792 | Z23: 0 | AA23: 659 | AB23: 0 | AC23: 435 | AD23: 0 | AE23: 503 | AF23: 0 | AG23: 1004 | AH23: 0 | AI23: 3466 | AJ23: 0 | AK23: 6060 | AL23: 0 | AM23: 7735 | AN23: 0 | AO23: 8014 | AP23: 0 | AQ23: 8600 | AR23: 0 | AS23: 4052 | AT23: 0 | AU23: 3998 | AV23: 0 | AW23: 949 | AX23: 0 | AY23: 577 | AZ23: 0
A28: FLEX | B28: 166544 | C28: THE BERKSHIRE APTS | D28: GFS2 | E28: 1242 | F28: 0 | G28: 257 | H28: 0 | I28: 0 | J28: 0 | K28: 2859 | L28: 0 | M28: 9936 | N28: 0 | O28: 20683 | P28: 0 | Q28: 27524 | R28: 0 | S28: 21865 | T28: 0 | U28: 14051 | V28: 0 | W28: 11185 | X28: 0 | Y28: 1477 | Z28: 0 | AA28: 508 | AB28: 0 | AC28: 174 | AD28: 0 | AE28: 55 | AF28: 0 | AG28: 1336 | AH28: 0 | AI28: 2154 | AJ28: 0 | AK28: 12202 | AL28: 0 | AM28: 14572 | AN28: 0 | AO28: 20040 | AP28: 0 | AQ28: 17647 | AR28: 0 | AS28: 13383 | AT28: 0 | AU28: 6059 | AV28: 0 | AW28: 2857 | AX28: 0 | AY28: 2463 | AZ28: 0
A33: FLEX | B33: 250042 | C33: BENEDICTINE SCHOOL | D33: GFS2 | E33: 217 | F33: 0 | G33: 0 | H33: 0 | I33: 350 | J33: 0 | K33: 25 | L33: 0 | M33: 2952 | N33: 0 | O33: 5315 | P33: 0 | Q33: 4034 | R33: 0 | S33: 3191 | T33: 0 | U33: 3374 | V33: 0 | W33: 561 | X33: 0 | Y33: 44 | Z33: 0 | AA33: 23 | AB33: 0 | AC33: 13 | AD33: 0 | AE33: 22 | AF33: 0 | AG33: 55 | AH33: 0 | AI33: 513 | AJ33: 0 | AK33: 4029 | AL33: 0 | AM33: 3076 | AN33: 0 | AO33: 2440 | AP33: 0 | AQ33: 2719 | AR33: 0 | AS33: 2037 | AT33: 0 | AU33: 1020 | AV33: 0 | AW33: 103 | AX33: 0 | AY33: 97 | AZ33: 0
A38: FLEX | B38: 250106 | C38: CHILDREN'S HOSPITAL | D38: GFS2 | E38: 3801 | F38: 0 | G38: 3606 | H38: 0 | I38: 3843 | J38: 0 | K38: 6984 | L38: 0 | M38: 9855 | N38: 0 | O38: 17621 | P38: 0 | Q38: 16834 | R38: 0 | S38: 13790 | T38: 0 | U38: 13811 | V38: 0 | W38: 9616 | X38: 0 | Y38: 4555 | Z38: 0 | AA38: 2533 | AB38: 0 | AC38: 2740 | AD38: 0 | AE38: 1300 | AF38: 0 | AG38: 3647 | AH38: 0 | AI38: 7018 | AJ38: 0 | AK38: 10453 | AL38: 0 | AM38: 13915 | AN38: 0 | AO38: 14400 | AP38: 0 | AQ38: 11967 | AR38: 0 | AS38: 11230 | AT38: 0 | AU38: 10947 | AV38: 0 | AW38: 9279 | AX38: 0 | AY38: 6325 | AZ38: 0
A42: FLEX | B42: 250117 | C42: DOMESTIC LINEN SUPPLY | D42: GFS6 | E42: 7852 | F42: 0 | G42: 5693 | H42: 0 | I42: 6341 | J42: 0 | K42: 6136 | L42: 0 | M42: 6793 | N42: 0 | O42: 6367 | P42: 0 | Q42: 6895 | R42: 0 | S42: 6236 | T42: 0 | U42: 6697 | V42: 0 | W42: 7193 | X42: 0 | Y42: 6927 | Z42: 0 | AA42: 6592 | AB42: 0 | AC42: 6273 | AD42: 0 | AE42: 5704 | AF42: 0 | AG42: 6969 | AH42: 0 | AI42: 7017 | AJ42: 0 | AK42: 8154 | AL42: 0 | AM42: 7650 | AN42: 0 | AO42: 8639 | AP42: 0 | AQ42: 7782 | AR42: 0 | AS42: 8385 | AT42: 0 | AU42: 9428 | AV42: 0 | AW42: 8205 | AX42: 0 | AY42: 8112 | AZ42: 0
A46: FLEX | B46: 250493 | C46: BANK OF AMERICA | D46: GFS2 | E46: 0 | F46: 0 | G46: 0 | H46: 0 | I46: 61 | J46: 0 | K46: 4855 | L46: 0 | M46: 10541 | N46: 0 | O46: 29179 | P46: 0 | Q46: 27418 | R46: 0 | S46: 17910 | T46: 0 | U46: 12601 | V46: 0 | W46: 5280 | X46: 0 | Y46: 3119 | Z46: 0 | AA46: 39 | AB46: 0 | AC46: 0 | AD46: 0 | AE46: 0 | AF46: 0 | AG46: 651 | AH46: 0 | AI46: 4080 | AJ46: 0 | AK46: 9702 | AL46: 0 | AM46: 15157 | AN46: 0 | AO46: 20247 | AP46: 0 | AQ46: 16716 | AR46: 0 | AS46: 9120 | AT46: 0 | AU46: 6571 | AV46: 0 | AW46: 2548 | AX46: 0 | AY46: 1197 | AZ46: 0
A50: FLEX | B50: 250494 | C50: CITY OF RICHMOND - GENERAL SER | D50: GFM2 | E50: 7094 | F50: 0 | G50: 2672 | H50: 0 | I50: 4570 | J50: 0 | K50: 20598 | L50: 0 | M50: 43370 | N50: 0 | O50: 60060 | P50: 0 | Q50: 65962 | R50: 0 | S50: 58336 | T50: 0 | U50: 50299 | V50: 0 | W50: 46817 | X50: 0 | Y50: 31662 | Z50: 0 | AA50: 14918 | AB50: 0 | AC50: 10290 | AD50: 0 | AE50: 7628 | AF50: 0 | AG50: 9144 | AH50: 0 | AI50: 20874 | AJ50: 0 | AK50: 50489 | AL50: 0 | AM50: 49054 | AN50: 0 | AO50: 64101 | AP50: 0 | AQ50: 53910 | AR50: 0 | AS50: 50401 | AT50: 0 | AU50: 34792 | AV50: 0 | AW50: 24815 | AX50: 0 | AY50: 0 | AZ50: 0
A55: FLEX | B55: 250494 | C55: CITY OF RICHMOND - GENERAL SER | D55: GFPW | E55: 0 | F55: 0 | G55: 0 | H55: 0 | I55: 0 | J55: 0 | K55: 0 | L55: 0 | M55: 0 | N55: 0 | O55: 0 | P55: 0 | Q55: 0 | R55: 0 | S55: 0 | T55: 0 | U55: 2614 | V55: 0 | W55: 0 | X55: 0 | Y55: 23652 | Z55: 34462 | AA55: 13256 | AB55: 0 | AC55: 11943 | AD55: 0 | AE55: 16978 | AF55: 0 | AG55: 10390 | AH55: 0 | AI55: 12227 | AJ55: 0 | AK55: 14027 | AL55: 0 | AM55: 14475 | AN55: 0 | AO55: 13619 | AP55: 0 | AQ55: 12195 | AR55: 0 | AS55: 13563 | AT55: 0 | AU55: 11992 | AV55: 0 | AW55: 16357 | AX55: 0 | AY55: 11842 | AZ55: 0
... A100: FLEX | B100: 385424 | C100: FIRST STATES INVESTORS 3500, L | D100: GFS2 | E100: 5003 | F100: 0 | G100: 3913 | H100: 0 | I100: 4483 | J100: 0 | K100: 9859 | L100: 0 | M100: 23098 | N100: 0 | O100: 39663 | P100: 0 | Q100: 54890 | R100: 0 | S100: 43295 | T100: 0 | U100: 31854 | V100: 0 | W100: 24709 | X100: 0 | Y100: 13885 | Z100: 0 | AA100: 6996 | AB100: 0 | AC100: 5111 | AD100: 0 | AE100: 0 | AF100: 0 | AG100: 0 | AH100: 0 | AI100: 0 | AJ100: 0 | AK100: 0 | AL100: 0 | AM100: 0 | AN100: 0 | AO100: 0 | AP100: 0 | AQ100: 0 | AR100: 0 | AS100: 0 | AT100: 0 | AU100: 0 | AV100: 0 | AW100: 0 | AX100: 0 | AY100: 0 | AZ100: 0
A101: FLEX | B101: 385424 | C101: FIRST STATES INVESTORS 3500, L | D101: GFS2 | AC101: 2539
A103: LVS | B103: 7974 | C103: STERILIZATION SERVICES | D103: GLVS | E103: 9751 | F103: 0 | G103: 8472 | H103: 0 | I103: 10727 | J103: 0 | K103: 13256 | L103: 0 | M103: 16446 | N103: 0 | O103: 21839 | P103: 0 | Q103: 29101 | R103: 0 | S103: 22630 | T103: 0 | U103: 19584 | V103: 0 | W103: 15366 | X103: 0 | Y103: 11370 | Z103: 0 | AA103: 9636 | AB103: 0 | AC103: 9524 | AD103: 0 | AE103: 7939 | AF103: 0 | AG103: 11807 | AH103: 0 | AI103: 11954 | AJ103: 0 | AK103: 15579 | AL103: 0 | AM103: 16170 | AN103: 0 | AO103: 20140 | AP103: 0 | AQ103: 17524 | AR103: 0 | AS103: 15313 | AT103: 0 | AU103: 11852 | AV103: 0 | AW103: 9686 | AX103: 0 | AY103: 9321 | AZ103: 0
A104: LVS | B104: 166300 | C104: CADMUS COMMUNICATIONS | D104: GLVS | E104: 27233 | F104: 0 | G104: 27168 | H104: 0 | I104: 32911 | J104: 0 | K104: 31800 | L104: 0 | M104: 41945 | N104: 0 | O104: 74637 | P104: 0 | Q104: 59341 | R104: 0 | S104: 50698 | T104: 0 | U104: 56337 | V104: 0 | W104: 40877 | X104: 0 | Y104: 34386 | Z104: 0 | AA104: 42663 | AB104: 0 | AC104: 29268 | AD104: 0 | AE104: 33209 | AF104: 0 | AG104: 42373 | AH104: 0 | AI104: 40443 | AJ104: 0 | AK104: 48087 | AL104: 0 | AM104: 45583 | AN104: 0 | AO104: 43516 | AP104: 0 | AQ104: 45246 | AR104: 0 | AS104: 41703 | AT104: 0 | AU104: 35490 | AV104: 0 | AW104: 41196 | AX104: 0 | AY104: 33660 | AZ104: 0
A105: LVS | B105: 166453 | C105: HOSPITAL CORP OF AMERICA T/A H | D105: GLV7 | E105: 0 | F105: 0 | G105: 0 | H105: 0 | I105: 0 | J105: 0 | K105: 0 | L105: 0 | M105: 61680 | N105: 0 | O105: 104682 | P105: 0 | Q105: 91683 | R105: 0 | S105: 75855 | T105: 0 | U105: 81689 | V105: 0 | W105: 0 | X105: 0 | Y105: 0 | Z105: 0 | AA105: 0 | AB105: 0 | AC105: 0 | AD105: 0 | AE105: 0 | AF105: 0 | AG105: 0 | AH105: 0 | AI105: 0 | AJ105: 0 | AK105: 0 | AL105: 0 | AM105: 0 | AN105: 0 | AO105: 0 | AP105: 0 | AQ105: 0 | AR105: 0 | AS105: 0 | AT105: 0 | AU105: 0 | AV105: 0 | AW105: 0 | AX105: 0 | AY105: 0 | AZ105: 0
A106: LVS | B106: 166453 | C106: HOSPITAL CORP OF AMERICA T/A H | D106: LV3F | E106: 0 | F106: 0 | G106: 0 | H106: 0 | I106: 0 | J106: 0 | K106: 0 | L106: 0 | M106: 0 | N106: 0 | O106: 0 | P106: 0 | Q106: 0 | R106: 0 | S106: 0 | T106: 0 | U106: 0 | V106: 0 | W106: 0 | X106: 0 | Y106: 0 | Z106: 0 | AA106: 0 | AB106: 0 | AC106: 0 | AD106: 0 | AE106: 0 | AF106: 0 | AG106: 0 | AH106: 0 | AI106: 0 | AJ106: 0 | AK106: 0 | AL106: 0 | AM106: 0 | AN106: 0 | AO106: 0 | AP106: 0 | AQ106: 0 | AR106: 0 | AS106: 0 | AT106: 0 | AU106: 0 | AV106: 0 | AW106: 67892 | AX106: 0 | AY106: 53758 | AZ106: 0
A107: LVS | B107: 166453 | C107: HOSPITAL CORP OF AMERICA T/A H | D107: LVD2 | E107: 39928 | F107: 0 | G107: 43261 | H107: 0 | I107: 49471 | J107: 0 | K107: 52426 | L107: 0 | M107: 0 | N107: 0 | O107: 0 | P107: 0 | Q107: 0 | R107: 0 | S107: 0 | T107: 0 | U107: 0 | V107: 0 | W107: 60111 | X107: 0 | Y107: 56900 | Z107: 0 | AA107: 56698 | AB107: 0 | AC107: 46685 | AD107: 0 | AE107: 54523 | AF107: 0 | AG107: 53176 | AH107: 0 | AI107: 59623 | AJ107: 0 | AK107: 79167 | AL107: 0 | AM107: 83020 | AN107: 0 | AO107: 79939 | AP107: 0 | AQ107: 79820 | AR107: 0 | AS107: 76553 | AT107: 0 | AU107: 75736 | AV107: 0 | AW107: 0 | AX107: 0 | AY107: 0 | AZ107: 0
A108: LVS | B108: 166592 | C108: OMNI HOTEL | D108: GLV2 | E108: 10791 | F108: 0 | G108: 7163 | H108: 0 | I108: 10662 | J108: 0 | K108: 12998 | L108: 0 | M108: 16792 | N108: 0 | O108: 20405 | P108: 0 | Q108: 23962 | R108: 0 | S108: 20416 | T108: 0 | U108: 18271 | V108: 0 | W108: 20166 | X108: 0 | Y108: 14381 | Z108: 0 | AA108: 10903 | AB108: 0 | AC108: 9579 | AD108: 0 | AE108: 7195 | AF108: 0 | AG108: 13233 | AH108: 0 | AI108: 13265 | AJ108: 0 | AK108: 16778 | AL108: 0 | AM108: 17820 | AN108: 0 | AO108: 21557 | AP108: 0 | AQ108: 18350 | AR108: 0 | AS108: 18763 | AT108: 0 | AU108: 15059 | AV108: 0 | AW108: 13316 | AX108: 0 | AY108: 14833 | AZ108: 0
A109: LVS | B109: 166630 | C109: HENRICO COUNTY BUILDINGS AND G | D109: GLV6 | E109: 0 | F109: 0 | G109: 0 | H109: 0 | I109: 0 | J109: 0 | K109: 0 | L109: 0 | M109: 17264 | N109: 0 | O109: 27461 | P109: 0 | Q109: 21258 | R109: 0 | S109: 21167 | T109: 0 | U109: 20679 | V109: 0 | W109: 0 | X109: 0 | Y109: 0 | Z109: 0 | AA109: 0 | AB109: 0 | AC109: 0 | AD109: 0 | AE109: 0 | AF109: 0 | AG109: 0 | AH109: 0 | AI109: 0 | AJ109: 0 | AK109: 0 | AL109: 0 | AM109: 0 | AN109: 0 | AO109: 0 | AP109: 0 | AQ109: 0 | AR109: 0 | AS109: 0 | AT109: 0 | AU109: 0 | AV109: 0 | AW109: 0 | AX109: 0 | AY109: 0 | AZ109: 0
A110: LVS | B110: 166630 | C110: HENRICO COUNTY BUILDINGS AND G | D110: GLV9 | E110: 0 | F110: 0 | G110: 0 | H110: 0 | I110: 0 | J110: 0 | K110: 0 | L110: 0 | M110: 0 | N110: 0 | O110: 0 | P110: 0 | Q110: 0 | R110: 0 | S110: 0 | T110: 0 | U110: 0 | V110: 0 | W110: 0 | X110: 0 | Y110: 0 | Z110: 0 | AA110: 0 | AB110: 0 | AC110: 0 | AD110: 0 | AE110: 0 | AF110: 0 | AG110: 0 | AH110: 0 | AI110: 0 | AJ110: 0 | AK110: 0 | AL110: 0 | AM110: 0 | AN110: 0 | AO110: 0 | AP110: 0 | AQ110: 0 | AR110: 0 | AS110: 0 | AT110: 0 | AU110: 0 | AV110: 0 | AW110: 11373 | AX110: 0 | AY110: 9056 | AZ110: 0
A111: LVS | B111: 166630 | C111: HENRICO COUNTY BUILDINGS AND G | D111: GLVS | E111: 6779 | F111: 0 | G111: 9766 | H111: 0 | I111: 16744 | J111: 0 | K111: 14136 | L111: 0 | M111: 0 | N111: 0 | O111: 0 | P111: 0 | Q111: 0 | R111: 0 | S111: 0 | T111: 0 | U111: 0 | V111: 0 | W111: 14722 | X111: 0 | Y111: 13198 | Z111: 0 | AA111: 9684 | AB111: 0 | AC111: 8319 | AD111: 0 | AE111: 8736 | AF111: 0 | AG111: 9276 | AH111: 0 | AI111: 10069 | AJ111: 0 | AK111: 14490 | AL111: 0 | AM111: 14449 | AN111: 0 | AO111: 15882 | AP111: 0 | AQ111: 15181 | AR111: 0 | AS111: 12364 | AT111: 0 | AU111: 11425 | AV111: 0 | AW111: 0 | AX111: 0 | AY111: 0 | AZ111: 0
A112: LVS | B112: 166631 | C112: HENRICO COUNTY SHERIFF'S OFFIC | D112: GLV6 | E112: 0 | F112: 0 | G112: 0 | H112: 0 | I112: 0 | J112: 0 | K112: 0 | L112: 0 | M112: 16026 | N112: 0 | O112: 20840 | P112: 0 | Q112: 18189 | R112: 0 | S112: 15028 | T112: 0 | U112: 15157 | V112: 0 | W112: 0 | X112: 0 | Y112: 0 | Z112: 0 | AA112: 0 | AB112: 0 | AC112: 0 | AD112: 0 | AE112: 0 | AF112: 0 | AG112: 0 | AH112: 0 | AI112: 0 | AJ112: 0 | AK112: 0 | AL112: 0 | AM112: 0 | AN112: 0 | AO112: 0 | AP112: 0 | AQ112: 0 | AR112: 0 | AS112: 0 | AT112: 0 | AU112: 0 | AV112: 0 | AW112: 0 | AX112: 0 | AY112: 0 | AZ112: 0
A113: LVS | B113: 166631 | C113: HENRICO COUNTY SHERIFF'S OFFIC | D113: GLV9 | E113: 0 | F113: 0 | G113: 0 | H113: 0 | I113: 0 | J113: 0 | K113: 0 | L113: 0 | M113: 0 | N113: 0 | O113: 0 | P113: 0 | Q113: 0 | R113: 0 | S113: 0 | T113: 0 | U113: 0 | V113: 0 | W113: 0 | X113: 0 | Y113: 0 | Z113: 0 | AA113: 0 | AB113: 0 | AC113: 0 | AD113: 0 | AE113: 0 | AF113: 0 | AG113: 0 | AH113: 0 | AI113: 0 | AJ113: 0 | AK113: 0 | AL113: 0 | AM113: 0 | AN113: 0 | AO113: 0 | AP113: 0 | AQ113: 0 | AR113: 0 | AS113: 0 | AT113: 0 | AU113: 0 | AV113: 0 | AW113: 8229 | AX113: 0 | AY113: 5969 | AZ113: 0
A114: LVS | B114: 166631 | C114: HENRICO COUNTY SHERIFF'S OFFIC | D114: GLVS | E114: 4660 | F114: 0 | G114: 4823 | H114: 0 | I114: 9146 | J114: 0 | K114: 9428 | L114: 0 | M114: 0 | N114: 0 | O114: 0 | P114: 0 | Q114: 0 | R114: 0 | S114: 0 | T114: 0 | U114: 0 | V114: 0 | W114: 8651 | X114: 0 | Y114: 8388 | Z114: 0 | AA114: 7497 | AB114: 0 | AC114: 4760 | AD114: 0 | AE114: 6778 | AF114: 0 | AG114: 7106 | AH114: 0 | AI114: 10173 | AJ114: 0 | AK114: 14358 | AL114: 0 | AM114: 15520 | AN114: 0 | AO114: 14398 | AP114: 0 | AQ114: 13969 | AR114: 0 | AS114: 9995 | AT114: 0 | AU114: 8193 | AV114: 0 | AW114: 0 | AX114: 0 | AY114: 0 | AZ114: 0
... A201: LVS | B201: 578582 | C201: FAREVA RICHMOND, INC | D201: LV3F | E201: 0 | F201: 0 | G201: 0 | H201: 0 | I201: 0 | J201: 0 | K201: 0 | L201: 0 | M201: 0 | N201: 0 | O201: 0 | P201: 0 | Q201: 0 | R201: 0 | S201: 0 | T201: 0 | U201: 0 | V201: 0 | W201: 0 | X201: 0 | Y201: 0 | Z201: 0 | AA201: 0 | AB201: 0 | AC201: 0 | AD201: 0 | AE201: 0 | AF201: 0 | AG201: 0 | AH201: 0 | AI201: 0 | AJ201: 0 | AK201: 125400 | AL201: 0 | AM201: 142490 | AN201: 0 | AO201: 183494 | AP201: 0 | AQ201: 147718 | AR201: 0 | AS201: 145108 | AT201: 0 | AU201: 133223 | AV201: 0 | AW201: 108832 | AX201: 0 | AY201: 115650 | AZ201: 0
A202: MN | B202: 0 | E202: 25728 | F202: 0 | G202: 41237 | H202: 0 | I202: 29056 | J202: 0 | K202: 101708 | L202: 0 | M202: 293568 | N202: 0 | O202: 624774 | P202: 0 | Q202: 669061 | R202: -387 | S202: 455017 | T202: -1954 | U202: 326287 | V202: 0 | W202: 173440 | X202: 0 | Y202: 64027 | Z202: 0 | AA202: 41589 | AB202: 0 | AC202: 33299 | AD202: 0 | AE202: 34507 | AF202: 0 | AG202: 49358 | AH202: 0 | AI202: 98788 | AJ202: 491 | AK202: 260335 | AL202: -5869 | AM202: 336654 | AN202: 19699 | AO202: 489984 | AP202: 0 | AQ202: 401945 | AR202: 0 | AS202: 203695 | AT202: 0 | AU202: 92924 | AV202: 1026 | AW202: 68409 | AX202: -3673 | AY202: 47766 | AZ202: 0
A203: RS | B203: 0 | E203: 1048361 | F203: -151 | G203: 1100197 | H203: -17247 | I203: 1262938 | J203: 2962 | K203: 2695419 | L203: 1270 | M203: 7182817 | N203: -1198 | O203: 16164423 | P203: -715 | Q203: 15677992 | R203: -8876 | S203: 9958826 | T203: -17068 | U203: 7657383 | V203: -12325 | W203: 3272900 | X203: -10045 | Y203: 1563123 | Z203: 28793 | AA203: 1260750 | AB203: -22564 | AC203: 1019251 | AD203: -2307 | AE203: 1262407 | AF203: -6928 | AG203: 1386478 | AH203: -15919 | AI203: 3059015 | AJ203: 615 | AK203: 6161617 | AL203: -16017 | AM203: 9456494 | AN203: -3285 | AO203: 10674006 | AP203: -5928 | AQ203: 9468786 | AR203: -3968 | AS203: 4299575 | AT203: -24723 | AU203: 2969760 | AV203: -11568 | AW203: 1676205 | AX203: -6927 | AY203: 1286692 | AZ203: -20518
A204: TRAN | B204: 161293 | C204: DURO BAG MFG CO | D204: GAST | E204: 5716 | F204: 0 | G204: 5511 | H204: 0 | I204: 4499 | J204: 0 | K204: 4796 | L204: 0 | M204: 13292 | N204: 0 | O204: 44067 | P204: 0 | Q204: 35156 | R204: 0 | S204: 18836 | T204: 0 | U204: 9993 | V204: 0 | W204: 2999 | X204: 0 | Y204: 2299 | Z204: 0 | AA204: 1900 | AB204: 0 | AC204: 1812 | AD204: 0 | AE204: 2177 | AF204: 0 | AG204: 2031 | AH204: 0 | AI204: 2019 | AJ204: 0 | AK204: 2447 | AL204: 0 | AM204: 13476 | AN204: 0 | AO204: 30343 | AP204: 0 | AQ204: 22321 | AR204: 0 | AS204: 988 | AT204: 0 | AU204: 220 | AV204: 0 | AW204: 4 | AX204: 0 | AY204: 0 | AZ204: 0
A205: TRAN | B205: 166550 | C205: TYSON FOODS INC | D205: GST2 | E205: 40685 | F205: 0 | G205: 45430 | H205: 0 | I205: 43839 | J205: 0 | K205: 59428 | L205: 0 | M205: 67729 | N205: 0 | O205: 97255 | P205: 0 | Q205: 104756 | R205: 0 | S205: 78225 | T205: 0 | U205: 86051 | V205: 0 | W205: 72018 | X205: 0 | Y205: 67243 | Z205: 0 | AA205: 50191 | AB205: 0 | AC205: 43115 | AD205: 0 | AE205: 45723 | AF205: 0 | AG205: 49776 | AH205: 0 | AI205: 62868 | AJ205: 0 | AK205: 80469 | AL205: 0 | AM205: 90752 | AN205: 0 | AO205: 103358 | AP205: 0 | AQ205: 108861 | AR205: 0 | AS205: 87713 | AT205: 0 | AU205: 77869 | AV205: 0 | AW205: 64993 | AX205: 0 | AY205: 41613 | AZ205: 0
A206: TRAN | B206: 167537 | C206: E.I. DU PONT DE NEMOURS & CO. | D206: GST2 | E206: 185349 | F206: 0 | G206: 185705 | H206: 0 | I206: 175555 | J206: 0 | K206: 137130 | L206: 0 | M206: 140042 | N206: 0 | O206: 175373 | P206: 0 | Q206: 171442 | R206: 0 | S206: 163558 | T206: 0 | U206: 185729 | V206: 0 | W206: 214413 | X206: 0 | Y206: 277842 | Z206: 0 | AA206: 305901 | AB206: 0 | AC206: 310195 | AD206: 0 | AE206: 261273 | AF206: 0 | AG206: 138936 | AH206: 0 | AI206: 107845 | AJ206: 0 | AK206: 151955 | AL206: 0 | AM206: 296403 | AN206: 0 | AO206: 299842 | AP206: 0 | AQ206: 288803 | AR206: 0 | AS206: 197816 | AT206: 0 | AU206: 157510 | AV206: 0 | AW206: 160969 | AX206: 0 | AY206: 223776 | AZ206: -58153
A207: TRAN | B207: 251085 | C207: VCU | D207: GST2 | E207: 338190 | F207: 0 | G207: 339900 | H207: 0 | I207: 350380 | J207: 0 | K207: 442540 | L207: 0 | M207: 554390 | N207: 0 | O207: 836530 | P207: 0 | Q207: 815350 | R207: 0 | S207: 616420 | T207: 0 | U207: 622460 | V207: 0 | W207: 440480 | X207: 0 | Y207: 394850 | Z207: 0 | AA207: 339740 | AB207: 0 | AC207: 335740 | AD207: 0 | AE207: 334370 | AF207: 400 | AG207: 365220 | AH207: 0 | AI207: 446780 | AJ207: 0 | AK207: 518960 | AL207: 0 | AM207: 620840 | AN207: 0 | AO207: 691170 | AP207: 0 | AQ207: 618950 | AR207: 0 | AS207: 503670 | AT207: 0 | AU207: 466500 | AV207: 0 | AW207: 390430 | AX207: 400 | AY207: 358190 | AZ207: 0
A208: TRAN | B208: 301812 | C208: DEFENSE GENERAL SUPPLY CENTER- | D208: GST2 | E208: 1772 | F208: 0 | G208: 1704 | H208: 0 | I208: 1264 | J208: 0 | K208: 636 | L208: 0 | M208: 101522 | N208: 0 | O208: 226575 | P208: 0 | Q208: 167703 | R208: 0 | S208: 132375 | T208: 0 | U208: 93707 | V208: 0 | W208: 15580 | X208: 0 | Y208: 5380 | Z208: 0 | AA208: 2376 | AB208: 0 | AC208: 1498 | AD208: 0 | AE208: 1099 | AF208: 0 | AG208: 1589 | AH208: 0 | AI208: 50742 | AJ208: 0 | AK208: 100915 | AL208: 0 | AM208: 158025 | AN208: 0 | AO208: 177180 | AP208: 0 | AQ208: 156538 | AR208: 0 | AS208: 74320 | AT208: 0 | AU208: 45568 | AV208: 0 | AW208: 178 | AX208: 0 | AY208: 267 | AZ208: 0
A209: TRAN | B209: 478214 | C209: KINDER MORGAN ENERGY PARTNERS | D209: GAST | E209: 33003 | F209: 0 | G209: 33965 | H209: 0 | I209: 32019 | J209: 0 | K209: 33570 | L209: 0 | M209: 26198 | N209: 0 | O209: 29687 | P209: 0 | Q209: 26259 | R209: 0 | S209: 0 | T209: 0 | U209: 0 | V209: 0 | W209: 0 | X209: 0 | Y209: 0 | Z209: 0 | AA209: 0 | AB209: 0 | AC209: 0 | AD209: 0 | AE209: 0 | AF209: 0 | AG209: 0 | AH209: 0 | AI209: 0 | AJ209: 0 | AK209: 0 | AL209: 0 | AM209: 0 | AN209: 0 | AO209: 0 | AP209: 0 | AQ209: 0 | AR209: 0 | AS209: 0 | AT209: 0 | AU209: 0 | AV209: 0 | AW209: 0 | AX209: 0 | AY209: 0 | AZ209: 0
A210: ZGAT | B210: 0 | E210: 3 | F210: 0 | G210: 1 | H210: 0 | I210: 0 | J210: 0 | K210: 1 | L210: 0 | M210: 0 | N210: 0 | O210: 1 | P210: 0 | Q210: 0 | R210: 0 | S210: 1 | T210: 0 | U210: 0 | V210: 0 | W210: 0 | X210: 0 | Y210: 2 | Z210: 0 | AA210: 0 | AB210: 0 | AC210: 1 | AD210: 0 | AE210: 31 | AF210: 0 | AG210: 1 | AH210: 0 | AI210: 0 | AJ210: 0 | AK210: 1 | AL210: 0 | AM210: 1 | AN210: 0 | AO210: 1 | AP210: 0 | AQ210: 0 | AR210: 0 | AS210: 1 | AT210: 0 | AU210: 1 | AV210: 0 | AW210: 1 | AX210: 0 | AY210: 5 | AZ210: 0
